Workbook
Name Excel_BuiltIn_Print_Area: #REF!
Name Excel_BuiltIn_Print_Area: #REF!
Name Excel_BuiltIn_Print_Area: #REF!
Name Excel_BuiltIn_Print_Area: #REF!
Name Excel_BuiltIn_Print_Area: 'CRONOGRAMA CONSOLIDADO'!$A$4:$F$25
Name Excel_BuiltIn_Print_Area: #REF!
Name Excel_BuiltIn_Print_Area: #REF!
Name Excel_BuiltIn_Print_Area: #REF!
Name Excel_BuiltIn_Print_Area: #REF!
Name Excel_BuiltIn_Print_Area: #REF!
Name Excel_BuiltIn_Print_Area: #REF!
Name Excel_BuiltIn_Print_Area: #REF!
Name Excel_BuiltIn_Print_Area: #REF!
Name Excel_BuiltIn_Print_Area: #REF!
Name Excel_BuiltIn_Print_Area: #REF!
Name Excel_BuiltIn_Print_Titles_1: #REF!
Name Excel_BuiltIn_Print_Titles_1: #REF!
Name Excel_BuiltIn_Print_Titles_1: #REF!
Name Excel_BuiltIn_Print_Titles_1: #REF!
Name Excel_BuiltIn_Print_Titles_1: #REF!
Name Excel_BuiltIn_Print_Titles_1: #REF!
Name Excel_BuiltIn_Print_Titles_1: #REF!
Name Excel_BuiltIn_Print_Titles_1: #REF!
Name Excel_BuiltIn_Print_Titles_1: #REF!
Name Excel_BuiltIn_Print_Titles_1: #REF!
Name Excel_BuiltIn_Print_Titles_1: #REF!
Name Excel_BuiltIn_Print_Titles_1: #REF!
Name Excel_BuiltIn_Print_Titles_1: #REF!
Name Excel_BuiltIn_Print_Titles_1: #REF!
Name Excel_BuiltIn_Print_Titles_1: #REF!
Name Excel_BuiltIn_Print_Titles_2: #REF!
Name Excel_BuiltIn_Print_Titles_2: #REF!
Name Excel_BuiltIn_Print_Titles_2: #REF!
Name Excel_BuiltIn_Print_Titles_2: #REF!
Name Excel_BuiltIn_Print_Titles_2_1: #REF!
Name Excel_BuiltIn_Print_Titles_2_1: #REF!
Name Excel_BuiltIn_Print_Titles_2_1: #REF!
Name Excel_BuiltIn_Print_Titles_2_1: #REF!

Sheet BD
C2: Obra | D2: Bancos | E2: B.D.I. | F2: B.D.I.
C3: COE 028/2024 - GOINFRA | D3: GOINFRA | E3: 1.1109 | F3: 1.0753
C4: =C3 -> COE 028/2024 - GOINFRA | D4: GOINFRA | E4: 0.1109 | F4: 0.0753

Sheet ORÇAMENTO CONSOLIDADO
B1: ORÇAMENTO LOTE 67 - PROGRAMA GOIÁS EM MOVIMENTO - EIXO MUNICÍPIOS 2024
A8: MUNICÍPIO | B8: DISCRIMINAÇÃO | C8: PREÇO | D8: PREÇO/M2
A9: CACHOEIRA ALTA | B9: ='ORÇ CACHOEIRA'!A67 -> PAVIMENTAÇÃO | C9: ='ORÇ CACHOEIRA'!S67 -> 502414.47 | D9: ='ORÇ CACHOEIRA'!Y67 -> 20.65
B10: ='ORÇ CACHOEIRA'!A69 -> SERVIÇOS COMPLEMENTARES | C10: ='ORÇ CACHOEIRA'!S69 -> 25578.39 | D10: ='ORÇ CACHOEIRA'!Y69 -> 1.05
B11: ='ORÇ CACHOEIRA'!A71 -> MOBILIZAÇÃO E INSTALAÇÃO DE CANTEIRO | C11: ='ORÇ CACHOEIRA'!S71 -> 127902.87 | D11: ='ORÇ CACHOEIRA'!Y71 -> 5.25
B12: TOTAL GERAL | C12: ='ORÇ CACHOEIRA'!S73 -> 655895.73 | D12: ='ORÇ CACHOEIRA'!Y73 -> 26.95
A14: PARANAIGUARA | B14: ='ORÇ PARANAIGUARA'!A58 -> PAVIMENTAÇÃO | C14: ='ORÇ PARANAIGUARA'!S58 -> 509403.64 | D14: ='ORÇ PARANAIGUARA'!Y58 -> 20.96
B15: ='ORÇ PARANAIGUARA'!A60 -> MOBILIZAÇÃO E INSTALAÇÃO DE CANTEIRO | C15: ='ORÇ PARANAIGUARA'!S60 -> 123667.64 | D15: ='ORÇ PARANAIGUARA'!Y60 -> 5.08
B16: TOTAL GERAL | C16: ='ORÇ PARANAIGUARA'!S62 -> 633071.28 | D16: ='ORÇ PARANAIGUARA'!Y62 -> 26.04
A18: PEROLÂNDIA | B18: ='ORÇ PEROLANDIA'!A59 -> PAVIMENTAÇÃO | C18: ='ORÇ PEROLANDIA'!S59 -> 525186.95 | D18: ='ORÇ PEROLANDIA'!Y59 -> 20.43
B19: ='ORÇ PEROLANDIA'!A61 -> MOBILIZAÇÃO E INSTALAÇÃO DE CANTEIRO | C19: ='ORÇ PEROLANDIA'!S61 -> 127165.96 | D19: ='ORÇ PEROLANDIA'!Y61 -> 4.94
B20: TOTAL GERAL | C20: ='ORÇ PEROLANDIA'!S63 -> 652352.91 | D20: ='ORÇ PEROLANDIA'!Y63 -> 25.37
A22: SANTA RITA DO ARAGUAIA | B22: ='ORÇ STA R ARAGUAIA'!A67 -> PAVIMENTAÇÃO | C22: =VLOOKUP(B22,'ORÇ STA R ARAGUAIA'!$A$63:$AA$80,19,FALSE) -> 504066.16 | D22: =VLOOKUP(B22,'ORÇ STA R ARAGUAIA'!$A$63:$AA$80,25,FALSE) -> 21.09
B23: ='ORÇ STA R ARAGUAIA'!A69 -> SERVIÇOS COMPLEMENTARES | C23: =VLOOKUP(B23,'ORÇ STA R ARAGUAIA'!$A$63:$AA$80,19,FALSE) -> 33731.82 | D23: =VLOOKUP(B23,'ORÇ STA R ARAGUAIA'!$A$63:$AA$80,25,FALSE) -> 1.41
B24: ='ORÇ STA R ARAGUAIA'!A71 -> MOBILIZAÇÃO E INSTALAÇÃO DE CANTEIRO | C24: =VLOOKUP(B24,'ORÇ STA R ARAGUAIA'!$A$63:$AA$80,19,FALSE) -> 153872.03 | D24: =VLOOKUP(B24,'ORÇ STA R ARAGUAIA'!$A$63:$AA$80,25,FALSE) -> 6.44
B25: TOTAL GERAL | C25: =VLOOKUP(B25,'ORÇ STA R ARAGUAIA'!$A$63:$AA$80,19,FALSE) -> 691670.01 | D25: =VLOOKUP(B25,'ORÇ STA R ARAGUAIA'!$A$63:$AA$80,25,FALSE) -> 28.94
C28: TOTAL GERAL | D28: =C12+C16+C20+C25 -> 2632989.9
B30: ORÇAMENTO CONSOLIDADO LOTE 67
B31: ITEM | C31: SERVIÇOS | D31: TOTAL
B32: 1 | C32: =A9 -> CACHOEIRA ALTA | D32: =C12 -> 655895.73
D33: =D32/D28 -> 0.24910681
B34: 2 | C34: =A14 -> PARANAIGUARA | D34: =C16 -> 633071.28
D35: =D34/D28 -> 0.24043817
B36: 3 | C36: =A18 -> PEROLÂNDIA | D36: =C20 -> 652352.91
D37: =D36/D28 -> 0.24776126
B38: 4 | C38: =A22 -> SANTA RITA DO ARAGUAIA | D38: =C25 -> 691670.01
D39: =D38/D28 -> 0.26269375
C41: TOTAL GERAL | D41: =D32+D34+D36+D38 -> 2632989.9
D42: =D41/D28 -> 1
A47: _____________________________________________ PAVIMETAS ENGENHARIA LTDA CNPJ nº 07.013.955/0001-22 Karine Cardoso Coelho - Procuradora CREA nº 1019145196/D RG nº 5871522 SSP - CPF nº 700.303.011-06

Sheet ORÇ CACHOEIRA
A1: À
A2: AGÊNCIA GOIANA DE INFRAESTRUTURA E TRANSPORTES – GOINFRA
A3: COMISSÃO PERMANENTE DE LICITAÇÃO
A4: REF.: CONCORRÊNCIA ELETRÔNICA Nº028/2024, 16 DE SETEMBRO DE 2024 ÁS 09:00H
A5: OBJETO: Serviços de execução conservação preventi va de pavimentos asfálti cos, a serem prestados nos municípios que compõeo LOTE 67 do programa Goiás em movimento – eixo municípios (Cachoeira Alta, Paranaiguara, Perolândia e Santa Rita do Araguaia), no Estado deGoiás.
A6: EMPRESA: PAVIMETAS ENGENHARIA LTDA - CNPJ: 07.013.955/0001-22
A8: Setor
A9: Orçamento | C9: : 202100036007032-1/2024 | U9: Data Orçamento : 04/04/2024
A10: Descrição | C10: : ORÇAMENTO DE RECUPERAÇÃO DE PAVIMENTO EM VIAS URBANAS - PROGRAMA GOIÁS EM MOVIMENTO - MUNICÍPIOS - CACHOEIRA ALTA - GOIÁS | AE10: 24328.46
A11: Versão | C11: : ORÇAMENTO REALIZADO NA TABELA DE TERRAPLENAGEM, PAVIMENTAÇÃO E OBRAS DE ARTE ESPECIAIS - DEZEMBRO/23 - SEM DESONERAÇÃO - T233
A12: Trecho | C12: :
A13: Nat. Serviço | C13: : Obra Rodoviária
A14: Subtrecho | C14: :
A15: Extensão | C15: : 24.328,46 m2
U16: Data Base : 01/12/2023
A17: ORÇAMENTO BASE - CACHOEIRA ALTA - GOIÁS | AC17: PROPOSTA PAVIMETAS
A19: Cód. Auxiliar | D19: Serviço | K19: Bdi | M19: Unid. | P19: Quantidade | V19: Preço Unitário | Z19: Total | AC19: Preço Unitário | AD19: Total
D20: PAVIMENTAÇÃO
A21: 40001 | D21: DESMATAMENTO E LIMPEZA - INCLUSO DESTOCAMENTO DE ÁRVORES COM DIÂMETROS MENORES DE 15 cm | K21: =BD!$E$4 -> 0.1109 | M21: m2 | P21: 81.09 | V21: 0.57 | Z21: 46.22 | AC21: 0.16 | AD21: =TRUNC(AC21*P21,2) -> 12.97
A22: 40305 | D22: ACABAMENTO E RECOMPOSIÇÃO DE JAZIDA | K22: =BD!$E$4 -> 0.1109 | M22: m2 | P22: 81.09 | V22: 0.42 | Z22: 34.05 | AC22: 0.14 | AD22: =TRUNC(AC22*P22,2) -> 11.35
A23: 44100 | D23: ESCAVAÇÃO E CARGA DE MATERIAL DE JAZIDA (PAV.URB.) | K23: =BD!$E$4 -> 0.1109 | M23: m3 | P23: 48.66 | V23: 8.08 | Z23: 393.17 | AC23: 2.36 | AD23: =TRUNC(AC23*P23,2) -> 114.83
A24: 44102 | D24: TRANSPORTE DE MATERIAL DE JAZIDA (CASCALHO) (PAV.URB.) | K24: =BD!$E$4 -> 0.1109 | M24: m3km | P24: 350.32 | V24: 3.22 | Z24: 1128.03 | AC24: 0.87 | AD24: =TRUNC(AC24*P24,2) -> 304.77
A25: 44151 | D25: ESTABILIZAÇÃO SOLO-CIMENTO 2% PESO-PISTA (PAV.URB.) S/ TRANS. LOCAL DE CIMENTO | K25: =BD!$E$4 -> 0.1109 | M25: m3 | P25: 38.92 | V25: 67.61 | Z25: 2631.38 | AC25: 43.43 | AD25: =TRUNC(AC25*P25,2) -> 1690.29
A26: 44201 | D26: PINTURA DE LIGAÇÃO (PAV.URB.) | K26: =BD!$E$4 -> 0.1109 | M26: m2 | P26: 973.13 | V26: 0.42 | Z26: 408.71 | AC26: 0.13 | AD26: =TRUNC(AC26*P26,2) -> 126.5
A27: 40425 | D27: REMOÇÃO E CARGA DE PAV. ASFÁLTICA ( EXCETO TRANSPORTE) | K27: =BD!$E$4 -> 0.1109 | M27: m3 | P27: 77.85 | V27: 9.68 | Z27: 753.58 | AC27: 3.08 | AD27: =TRUNC(AC27*P27,2) -> 239.77
A28: 40430 | D28: TRANSPORTE DE PAVIMENTO REMOVIDO | K28: =BD!$E$4 -> 0.1109 | M28: m3km | P28: 451.53 | V28: 3.29 | Z28: 1485.53 | AC28: 0.89 | AD28: =TRUNC(AC28*P28,2) -> 401.86
A29: 44300 | D29: TRANSPORTE LOCAL DE MATERIAL BETUMINOSO (PAV.URB.) | K29: =BD!$E$4 -> 0.1109 | M29: TKM | P29: 2.41 | V29: 3.16 | Z29: 7.61 | AC29: 0.85 | AD29: =TRUNC(AC29*P29,2) -> 2.04
A30: 44200 | D30: IMPRIMAÇÃO (PAV.URB.) | K30: =BD!$E$4 -> 0.1109 | M30: m2 | P30: 243.28 | V30: 0.51 | Z30: 124.07 | AC30: 0.16 | AD30: =TRUNC(AC30*P30,2) -> 38.92
A31: 44205 | D31: PRÉ-MISTURADO A FRIO - PMF (PAV.URB.) | K31: =BD!$E$4 -> 0.1109 | M31: m3 | P31: 38.93 | V31: 282.1 | Z31: 10982.15 | AC31: 158.88 | AD31: =TRUNC(AC31*P31,2) -> 6185.19
A32: 44211 | D32: MICRORREVESTIMENTO À FRIO - 1,0cm S/COMP. (BC) (PAV.URB.) | K32: =BD!$E$4 -> 0.1109 | M32: m2 | P32: 48656.92 | V32: 5.3 | Z32: 257881.67 | AC32: 2.11 | AD32: =TRUNC(AC32*P32,2) -> 102666.1
... A36: 40455 | D36: TRANSPORTE COMERCIAL DE AGREGADOS | K36: =BD!$E$4 -> 0.1109 | M36: m3km | P36: 22505.15 | V36: 1.42 | Z36: 31957.31 | AC36: 0.37 | AD36: =TRUNC(AC36*P36,2) -> 8326.9
A37: 40510 | D37: FORNECIMENTO DE EMULSÃO RR-1C | K37: =BD!$F$4 -> 0.0753 | M37: T | P37: 0.49 | V37: 3289.9 | Z37: 1612.05 | AC37: 3289.9 | AD37: =TRUNC(AC37*P37,2) -> 1612.05
A38: 40500 | D38: FORNECIMENTO DE EMULSÃO RL-1C | K38: =BD!$F$4 -> 0.0753 | M38: T | P38: 7.11 | V38: 3472.38 | Z38: 24688.62 | AC38: 3472.38 | AD38: =TRUNC(AC38*P38,2) -> 24688.62
A39: 40485 | D39: FORNECIMENTO DE EMULSÃO ASFÁLTICA PARA IMPRIMAÇÃO - EAI | K39: =BD!$F$4 -> 0.0753 | M39: t | P39: 0.32 | V39: 3681.8 | Z39: 1178.17 | AC39: 2765.68 | AD39: =TRUNC(AC39*P39,2) -> 885.01
A40: 40530 | D40: TRANSPORTE COMERCIAL DE MATERIAL BETUMINOSO (DT= 354,00KM) | K40: =BD!$E$4 -> 0.1109 | M40: tkm | P40: 32081.25 | V40: 1.89 | Z40: 60633.56 | AC40: 0.51 | AD40: =TRUNC(AC40*P40,2) -> 16361.43
A41: 40511 | D41: FORNECIMENTO DE EMULSÃO RC-1C COM POLÍMERO | K41: =BD!$F$4 -> 0.0753 | M41: t | P41: 82.72 | V41: 4883.55 | Z41: 403967.25 | AC41: 4068.14 | AD41: =TRUNC(AC41*P41,2) -> 336516.54
A43: Total do Grupo : | Y43: 803429.07 | AC43: 502414.47
A46: Cód. Auxiliar | D46: Serviço | K46: Bdi | M46: Unid. | P46: Quantidade | V46: Preço Unitário | Z46: Total | AC46: Preço Unitário | AD46: Total
D47: SERVIÇOS COMPLEMENTARES
A48: 40835 | D48: TACHA REFLETIVA BIDIRECIONAL | K48: =BD!$E$4 -> 0.1109 | M48: Un | P48: 214 | V48: 40.68 | Z48: 8705.52 | AC48: 37.45 | AD48: =TRUNC(AC48*P48,2) -> 8014.3
A49: 40815 | D49: SINALIZAÇÃO HORIZONTAL COM RESINA ACRÍLICA (0,6 mm) | K49: =BD!$E$4 -> 0.1109 | M49: m2 | P49: 336.32 | V49: 38.2 | Z49: 12847.42 | AC49: 35.17 | AD49: =TRUNC(AC49*P49,2) -> 11828.37
A50: 42480 | D50: CAIAÇÃO (3 DEMÃOS) | K50: =BD!$E$4 -> 0.1109 | M50: m2 | P50: 1485.94 | V50: 4.19 | Z50: 6226.08 | AC50: 3.86 | AD50: =TRUNC(AC50*P50,2) -> 5735.72
A52: Total do Grupo : | Y52: 27779.02 | AC52: 25578.39
A55: Cód. Auxiliar | D55: Serviço | K55: Bdi | M55: Unid. | P55: Quantidade | V55: Preço Unitário | Z55: Total | AC55: Preço Unitário | AD55: Total
D56: MOBILIZAÇÃO E INSTALAÇÃO DE CANTEIRO
A57: 42301 | D57: MOBILIZAÇÃO / DESMOBILIZAÇÃO - CONFORME DEMONSTRATIVO | K57: =BD!$E$4 -> 0.1109 | M57: un | P57: 1 | V57: 66586.56 | Z57: 66586.56 | AC57: 40662.059 | AD57: =TRUNC(AC57*P57,2) -> 40662.05
A58: 42000 | D58: INSTALAÇÃO DE CANTEIRO/ ADMINISTRAÇÃO - CONFORME DEMONSTRATIVO | K58: =BD!$E$4 -> 0.1109 | M58: un | P58: 1 | V58: 120504.82 | Z58: 120504.82 | AC58: 87240.82 | AD58: =TRUNC(AC58*P58,2) -> 87240.82
A60: Total do Grupo : | Y60: 187091.38 | AC60: 127902.87
A62: Total do Orçamento : | Y62: 1018299.5 | AC62: 655895.73
A65: Discriminação - CACHOEIRA ALTA | L65: Percentual | S65: Preço | Y65: Preço/m2
A67: PAVIMENTAÇÃO | L67: =S67/$S$73 -> 0.76599747 | S67: =AC43 -> 502414.47 | Y67: =TRUNC(S67/$AE$10,2) -> 20.65
A69: SERVIÇOS COMPLEMENTARES | L69: =S69/$S$73 -> 0.038997647 | S69: =AC52 -> 25578.39 | Y69: =TRUNC(S69/$AE$10,2) -> 1.05
A71: MOBILIZAÇÃO E INSTALAÇÃO DE CANTEIRO | L71: =S71/$S$73 -> 0.19500488 | S71: =AC60 -> 127902.87 | Y71: =TRUNC(S71/$AE$10,2) -> 5.25
A73: Total geral | L73: =SUM(L67:R72) -> 1 | S73: =AC62 -> 655895.73 | Y73: =SUM(Y67:AA72) -> 26.95
A74: SCO - Sistema de Custos e Orçamentos
A76: _____________________________________________ PAVIMETAS ENGENHARIA LTDA CNPJ nº 07.013.955/0001-22 Karine Cardoso Coelho - Procuradora CREA nº 1019145196/D RG nº 5871522 SSP - CPF nº 700.303.011-06

Sheet ADM CACHOEIRA
A1: PROGRAMA GOIÁS EM MOVIMENTO - MUNICÍPIOS - CACHOEIRA ALTA - GO (T-233)
A4: ADMINISTRAÇÃO LOCAL/ INSTALAÇÕES PROVISÓRIAS
A5: MÃO DE OBRA
A6: DESCRIÇÃO | B6: UNIDADE | C6: QUANTIDADE | D6: PARTIC. MENSAL MÉDIA (%) | E6: Meses | F6: PREÇO UNITÁRIO | G6: PREÇO TOTAL
A7: DIVISÃO DE ENGENHARIA
A8: Engenheiro de Produção/ Civil | B8: mês | C8: 1 | D8: 10 | E8: 2 | F8: 19573.29 | G8: =F8*E8*C8*(D8/100) -> 3914.658
A9: Laboratorista de Betumes e Concretos | B9: mês | C9: 1 | D9: 50 | E9: 2 | F9: 5499.71 | G9: =F9*E9*C9*(D9/100) -> 5499.71
A10: Auxiliar de Laboratorista | B10: mês | C10: 1 | D10: 100 | E10: 2 | F10: 2325.77 | G10: =F10*E10*C10*(D10/100) -> 4651.54
A11: DIVISÃO DE SEGURANÇA E MEDICINA DO TRABALHO
A12: Técnico de Segurança do Trabalho | B12: mês | C12: 1 | D12: 2.5 | E12: 2 | F12: 5016.14 | G12: =F12*E12*C12*(D12/100) -> 250.807
A13: DIVISÃO ADMINISTRATIVA
A14: Encarregado Administrativo | B14: mês | C14: 1 | D14: 2.5 | E14: 2 | F14: 4233.2 | G14: =F14*E14*C14*(D14/100) -> 211.66
A16: OUTROS ITENS
A17: MANUTENÇÃO DO CANTEIRO
A18: Material de Expediente / Cópias / Impressões | B18: mês | C18: 1 | D18: 100 | E18: 2 | F18: 150 | G18: =F18*E18*C18*(D18/100) -> 300
A19: Medicamentos | B19: mês | C19: 1 | D19: 100 | E19: 2 | F19: 37.5 | G19: =F19*E19*C19*(D19/100) -> 75
A20: VEÍCULOS
A21: Veículo sedan - 71 a 115 CV | B21: mês | C21: 1 | D21: 100 | E21: 2 | F21: 2446.3125 | G21: =F21*E21*C21*(D21/100) -> 4892.625
A22: EQUIPAMENTOS DIRETOS
A23: Equipamentos de Laboratório de Betume | B23: mês | C23: 1 | D23: 100 | E23: 2 | F23: 3901.8525 | G23: =F23*E23*C23*(D23/100) -> 7803.705
A24: Caminhão prancha 30 T | B24: mês | C24: 1 | D24: 2.5 | E24: 2 | F24: 27148.44 | G24: =F24*E24*C24*(D24/100) -> 1357.422
A26: IMÓVEIS
A27: Aluguel de escritório | B27: mês | C27: 1 | D27: 100 | E27: 2 | F27: 2942.9775 | G27: =F27*E27*C27*(D27/100) -> 5885.955
A28: Aluguel de casa para alojamento | B28: mês | C28: 1 | D28: 100 | E28: 2 | F28: 4033.83 | G28: =F28*E28*C28*(D28/100) -> 8067.66
A30: MOBILIÁRIO
A31: Mobiliário de alojamento p/ pessoal | B31: mês | C31: 1 | D31: 100 | E31: 2 | F31: 458.775 | G31: =F31*E31*C31*(D31/100) -> 917.55
A32: Mobiliário de escritório | B32: mês | C32: 1 | D32: 100 | E32: 2 | F32: 4422.54 | G32: =F32*E32*C32*(D32/100) -> 8845.08
A34: SERVIÇOS TÉCNICOS
A35: PCMSO (NR-7) | B35: und | C35: 1 | F35: 281.25 | G35: =F35*C35 -> 281.25
A36: PGR (NR-18 ) | B36: und | C36: 1 | F36: 2375.0025 | G36: =F36*C36 -> 2375.0025
A37: Exames Admissionais/Demissionais | B37: und | C37: 40 | F37: 23.1225 | G37: =F37*C37 -> 924.9
A38: Anotação de Responsabilidade Técnica | B38: und | C38: 1 | F38: 196.9125 | G38: =F38*C38 -> 196.9125
A39: OUTROS
A40: Banheiro Químico | B40: und | C40: 3 | F40: 559.26 | G40: =F40*C40 -> 1677.78
A41: SINALIZAÇÃO
A42: Placa Padrão Programa Goiás em Movimento | B42: m2 | C42: 7 | F42: 315.615 | G42: =F42*C42 -> 2209.305
A43: Sinalização - placas de sinalização (desvio / pare siga) | B43: m2 | C43: 15 | F43: 315.615 | G43: =F43*C43 -> 4734.225
A44: Cones de Sinalização | B44: und | C44: 50 | F44: 77.22 | G44: =F44*C44 -> 3861
A45: LICENÇAS AMBIENTAIS
A46: Licença de Instalação de Canteiro (fixo) | B46: und | C46: 1 | F46: 4052.28 | G46: =F46*C46 -> 4052.28
A47: Licença de Instalação de Canteiro (área) | B47: m2 | C47: 1200 | F47: 0.3 | G47: =F47*C47 -> 360
A48: Licença de Instalação de Usina de PMF | B48: und | C48: 1 | F48: 5185.64 | G48: =F48*C48 -> 5185.64
F50: Total Geral | G50: =SUM(G8:G14,G18:G48) -> 78531.667
F51: BDI (11,09%) | G51: =G50*$H$51 -> 8709.1619 | H51: =BD!$E$4 -> 0.1109
F52: Total Geral com BDI | G52: =TRUNC(G50+G51,2) -> 87240.82
A54: _____________________________________________ PAVIMETAS ENGENHARIA LTDA CNPJ nº 07.013.955/0001-22 Karine Cardoso Coelho - Procuradora CREA nº 1019145196/D RG nº 5871522 SSP - CPF nº 700.303.011-06

Sheet MOB CACHOEIRA
A1: MOBILIZAÇÃO E DEMOSMOBILIZAÇÃO - CACHOEIRA ALTA
A2: Equipamento | C2: Mobilizador | D2: FU (A) | E2: Hora Produtiv (B) | F2: DT” (C) | G2: Custo (D=AxB/60) | H2: Quantidade (E) | I2: Total (CxDxE)
A3: Autopropelidos
A4: 30050 | B4: CAMINHÃO APLICADOR DE MATERIAL TERMOPLÁSTICO | C4: 30050 | D4: 1 | E4: 177.4261 | F4: 354 | G4: =TRUNC(D4*E4/60,2) -> 2.95
A5: 30037 | B5: CAMINHÃO BASCULANTE 10 M3 - 15 T | C5: 30037 | D5: 1 | E5: 109.3683 | F5: 354 | G5: =TRUNC(D5*E5/60,2) -> 1.82 | H5: 1 | I5: =TRUNC(F5*G5*H5,2) -> 644.28
A6: 30036 | B6: CAMINHÃO BASCULANTE 6 M3 - 10,5 T | C6: 30036 | D6: 1 | E6: 64.9091 | F6: 354 | G6: =TRUNC(D6*E6/60,2) -> 1.08
A7: 30035 | B7: CAMINHÃO CARROCERIA MADEIRA - 15 T | C7: 30035 | D7: 1 | E7: 247.74 | F7: 354 | G7: =TRUNC(D7*E7/60,2) -> 4.12 | H7: 1 | I7: =TRUNC(F7*G7*H7,2) -> 1458.48
A8: 30125 | B8: CAMINHÃO COM BATE ESTACAS HIDRÁULICO PARA DEFENSA | C8: 30125 | D8: 1 | E8: 103.5519 | F8: 354 | G8: =TRUNC(D8*E8/60,2) -> 1.72
A9: 30120 | B9: CAMINHÃO DISTRIBUIDOR DE CIMENTO | C9: 30120 | D9: 1 | E9: 158.767 | F9: 354 | G9: =TRUNC(D9*E9/60,2) -> 2.64
A10: 31062 | B10: CAMINHÃO MUNCK (GUINDAUTO) | C10: 31062 | D10: 1 | E10: 90.6796 | F10: 354 | G10: =TRUNC(D10*E10/60,2) -> 1.51
A11: 30053 | B11: CAMINHÃO PARA HIDROSSEMEADURA | C11: 30053 | D11: 1 | E11: 107.9031 | F11: 354 | G11: =TRUNC(D11*E11/60,2) -> 1.79
A12: 30049 | B12: CAMINHÃO PARA PINTURA A FRIO COM DEMARCADOR DE FAIXAS | C12: 30049 | D12: 1 | E12: 307.6 | F12: 354 | G12: =TRUNC(D12*E12/60,2) -> 5.12 | H12: 1 | I12: =TRUNC(F12*G12*H12,2) -> 1812.48
A13: 30040 | B13: CAMINHÃO TANQUE 10.000L | C13: 30040 | D13: 1 | E13: 109.5681 | F13: 354 | G13: =TRUNC(D13*E13/60,2) -> 1.82 | H13: 1 | I13: =TRUNC(F13*G13*H13,2) -> 644.28
A14: 30039 | B14: CAMINHÃO TANQUE 6.000L | C14: 30039 | D14: 1 | E14: 83.3277 | F14: 354 | G14: =TRUNC(D14*E14/60,2) -> 1.38
A15: 30021 | B15: CAMINHÃO TANQUE DISTRIBUIDOR DE ASFALTO | C15: 30021 | D15: 1 | E15: 87.3126 | F15: 354 | G15: =TRUNC(D15*E15/60,2) -> 1.45 | H15: 1 | I15: =TRUNC(F15*G15*H15,2) -> 513.3
A16: 30030 | B16: USINA MÓVEL PARA MICRO REVESTIMENTO | C16: 30030 | D16: 1 | E16: 227.2577 | F16: 354 | G16: =TRUNC(D16*E16/60,2) -> 3.78 | H16: 1 | I16: =TRUNC(F16*G16*H16,2) -> 1338.12
A17: Rebocados
A18: 30010 | B18: CARREGADEIRA DE PNEUS CAT - 924 H OU EQUIVALENTE | C18: 30105 | D18: 0.5 | E18: 285.795 | F18: 354 | G18: =TRUNC(D18*E18/60,2) -> 2.38 | H18: 1 | I18: =TRUNC(F18*G18*H18,2) -> 842.52
A19: 30007 | B19: CARREGADEIRA DE PNEUS CAT - 950 H OU EQUIVALENTE | C19: 30105 | D19: 0.5 | E19: 285.795 | F19: 354 | G19: =TRUNC(D19*E19/60,2) -> 2.38
A20: 30011 | B20: ESCAVADEIRA HIDRÁULICA - 320DL OU EQUIVALENTE | C20: 30105 | D20: 1 | E20: 285.795 | F20: 354 | G20: =TRUNC(D20*E20/60,2) -> 4.76
A21: 30057 | B21: ESCAVADEIRA HIDRÁULICA - CAT 323DL OU EQUIVALENTE | C21: 30105 | D21: 1 | E21: 285.795 | F21: 354 | G21: =TRUNC(D21*E21/60,2) -> 4.76
A22: 30019 | B22: FRESADORA A FRIO - W 200 F OU EQUIVALENTE | C22: 30105 | D22: 1 | E22: 285.795 | F22: 354 | G22: =TRUNC(D22*E22/60,2) -> 4.76
A23: 30158 | B23: MINI-CARREGADEIRA DE PNEUS COM FRESADORA | C23: 30105 | D23: 0.33 | E23: 285.795 | F23: 354 | G23: =TRUNC(D23*E23/60,2) -> 1.57
A24: 30058 | B24: MINI-CARREGADEIRA DE PNEUS COM VASSOURA DE 1,8 m | C24: 30105 | D24: 0.33 | E24: 285.795 | F24: 354 | G24: =TRUNC(D24*E24/60,2) -> 1.57
A25: 30046 | B25: MOTONIVELADORA - CAT 120K OU EQUIVALENTE | C25: 30105 | D25: 1 | E25: 285.795 | F25: 354 | G25: =TRUNC(D25*E25/60,2) -> 4.76 | H25: 1 | I25: =TRUNC(F25*G25*H25,2) -> 1685.04
A26: 30029 | B26: PERFURATRIZ SOBRE ESTEIRAS - CRAWLER DRILL OU EQUIVALENTE | C26: 30105 | D26: 0.5 | E26: 285.795 | F26: 354 | G26: =TRUNC(D26*E26/60,2) -> 2.38
A27: 30101 | B27: RECICLADORA DE PAVIMENTO À FRIO - CATERPILLAR RM-500 OU EQUIVALENTE | C27: 30105 | D27: 1 | E27: 285.795 | F27: 354 | G27: =TRUNC(D27*E27/60,2) -> 4.76
A28: 30008 | B28: RETRO ESCAVADEIRA DE PNEUS - CATERPILLAR 416E OU EQUIVALENTE | C28: 30105 | D28: 0.5 | E28: 285.795 | F28: 354 | G28: =TRUNC(D28*E28/60,2) -> 2.38
A29: 30015 | B29: ROLO COMPACTADOR DE PNEUS AUTOPROPELIDO - 27 T | C29: 30105 | D29: 0.5 | E29: 285.795 | F29: 354 | G29: =TRUNC(D29*E29/60,2) -> 2.38 | H29: 1 | I29: =TRUNC(F29*G29*H29,2) -> 842.52
A30: 30012 | B30: ROLO LISO TANDEN - 6/8 T - CA-150 OU EQUIVALENTE | C30: 30105 | D30: 0.5 | E30: 285.795 | F30: 354 | G30: =TRUNC(D30*E30/60,2) -> 2.38 | H30: 1 | I30: =TRUNC(F30*G30*H30,2) -> 842.52
A31: 30014 | B31: ROLO LISO VIBRATORIO AUTOPROPELIDO - CS533 E OU EQUIVALENTE | C31: 30105 | D31: 0.5 | E31: 285.795 | F31: 354 | G31: =TRUNC(D31*E31/60,2) -> 2.38
A32: 30009 | B32: ROLO PÉ DE CARNEIRO AUTOPROPELIDO - CA 250 OU EQUIVALENTE | C32: 30105 | D32: 0.5 | E32: 285.795 | F32: 354 | G32: =TRUNC(D32*E32/60,2) -> 2.38 | H32: 1 | I32: =TRUNC(F32*G32*H32,2) -> 842.52
A33: 30020 | B33: TANQUE DE ESTOCAGEM ASFALTO (30.000L) | C33: 30105 | D33: 1 | E33: 285.795 | F33: 354 | G33: =TRUNC(D33*E33/60,2) -> 4.76 | H33: 1 | I33: =TRUNC(F33*G33*H33,2) -> 1685.04
A34: 30005 | B34: TRATOR DE PNEUS AGRÍCOLA - MF 4292 OU EQUIVALENTE | C34: 30105 | D34: 0.5 | E34: 285.795 | F34: 354 | G34: =TRUNC(D34*E34/60,2) -> 2.38 | H34: 1 | I34: =TRUNC(F34*G34*H34,2) -> 842.52
A35: 30006 | B35: TRATOR DE PNEUS COM ROÇADEIRA | C35: 30105 | D35: 0.5 | E35: 285.795 | F35: 354 | G35: =TRUNC(D35*E35/60,2) -> 2.38
A36: 30001 | B36: TRATOR ESTEIRAS COM LÃMINA - CAT D8 OU EQUIVALENTE | C36: 30105 | D36: 1 | E36: 285.795 | F36: 354 | G36: =TRUNC(D36*E36/60,2) -> 4.76 | H36: 1 | I36: =TRUNC(F36*G36*H36,2) -> 1685.04
A37: 30002 | B37: TRATOR ESTEIRAS COM ESCARIFICADOR - CAT D8 OU EQUIVALENTE | C37: 30105 | D37: 1 | E37: 285.795 | F37: 354 | G37: =TRUNC(D37*E37/60,2) -> 4.76
A38: 30059 | B38: TRATOR ESTEIRAS COM LAMINA - CAT D4 OU EQUIVALENTE | C38: 30105 | D38: 0.5 | E38: 285.795 | F38: 354 | G38: =TRUNC(D38*E38/60,2) -> 2.38
A39: 30000 | B39: TRATOR ESTEIRAS COM LAMINA - CAT D6 OU EQUIVALENTE | C39: 30105 | D39: 0.5 | E39: 285.795 | F39: 354 | G39: =TRUNC(D39*E39/60,2) -> 2.38
A40: 30025 | B40: USINA DE ASFALTO A QUENTE 80 t/h | C40: 30105 | D40: 3 | E40: 285.795 | F40: 354 | G40: =TRUNC(D40*E40/60,2) -> 14.28
A41: 30016 | B41: USINA MISTURADORA DE SOLO 300 t/h | C41: 30105 | D41: 2 | E41: 285.795 | F41: 354 | G41: =TRUNC(D41*E41/60,2) -> 9.52
A42: 30024 | B42: USINA PRÉ-MISTURADO A FRIO 60 t/h | C42: 30105 | D42: 1 | E42: 285.795 | F42: 354 | G42: =TRUNC(D42*E42/60,2) -> 4.76 | H42: 1 | I42: =TRUNC(F42*G42*H42,2) -> 1685.04
A43: 30023 | B43: VIBROACABADORA DE ASFALTO SOBRE ESTEIRAS | C43: 30105 | D43: 0.5 | E43: 285.795 | F43: 354 | G43: =TRUNC(D43*E43/60,2) -> 2.38 | H43: 1 | I43: =TRUNC(F43*G43*H43,2) -> 842.52
A44: Sub Total de Equipamento (F) | I44: =SUM(I5:I16)+SUM(I18:I43) -> 18206.22
B45: Mão de Obra | F45: Percentual | G45: Custo | H45: Total de | I45: Total
F46: mobilizado (G) | G46: (H) | H46: operários (I) | I46: (GxHxI)
A47: I | B47: EFETIVO PESSOAL A SER MOBILIZADO | F47: 0.3 | G47: 105.76 | H47: 3 | I47: =H47*G47*F47 -> 95.184
A48: Sub Total de Mão de Obra (J) | I48: =I47 -> 95.184
A49: Custo por Mobilização (K=F+J) : | I49: =I48+I44 -> 18301.404
A50: BDI 11,09% (L) : | I50: =J50*I49 -> 2029.6257 | J50: =BD!$E$4 -> 0.1109
A51: Preço por Mobilização (M=K+L) : | I51: =I50+I49 -> 20331.03
A52: Total Mobilização / Desmobilização (2xM) : | I52: =I51*2 -> 40662.059
A53: _____________________________________________ PAVIMETAS ENGENHARIA LTDA CNPJ nº 07.013.955/0001-22 Karine Cardoso Coelho - Procuradora CREA nº 1019145196/D RG nº 5871522 SSP - CPF nº 700.303.011-06

Sheet ORÇ STA R ARAGUAIA
A1: À
A2: AGÊNCIA GOIANA DE INFRAESTRUTURA E TRANSPORTES – GOINFRA
A3: COMISSÃO PERMANENTE DE LICITAÇÃO
A4: REF.: CONCORRÊNCIA ELETRÔNICA Nº028/2024, 16 DE SETEMBRO DE 2024 ÁS 09:00H
A5: OBJETO: Serviços de execução conservação preventi va de pavimentos asfálti cos, a serem prestados nos municípios que compõeo LOTE 67 do programa Goiás em movimento – eixo municípios (Cachoeira Alta, Paranaiguara, Perolândia e Santa Rita do Araguaia), no Estado deGoiás.
A6: EMPRESA: PAVIMETAS ENGENHARIA LTDA - CNPJ: 07.013.955/0001-22
A8: Setor | C8: : GOINFRA - AGÊNCIA GOIANA DE INFRAESTRUTURA E TRANSPORTES
A9: Orçamento | C9: : 202100036007228-1/2024 | U9: Data Orçamento : 03/04/2024
A10: Descrição | C10: : ORÇAMENTO DE RECUPERAÇÃO DE PAVIMENTO EM VIAS URBANAS - PROGRAMA GOIÁS EM MOVIMENTO - MUNICÍPIOS - SANTA RITA DO ARAGUAIA - GOIÁS | AE10: 23892.24
A11: Versão | C11: : ORÇAMENTO REALIZADO NA TABELA DE TERRAPLENAGEM, PAVIMENTAÇÃO E OBRAS DE ARTE ESPECIAIS - DEZEMBRO/23 - SEM DESONERAÇÃO - T233
A12: Trecho | C12: :
A13: Nat. Serviço | C13: : Obra Rodoviária
A14: Subtrecho | C14: :
A15: Extensão | C15: : 23.892,24 m2
U16: Data Base : 01/12/2023
A17: ORÇAMENTO BASE - SANTA RITA DO ARAGUAIA | AC17: PROPOSTA PAVIMETAS
A19: Cód. Auxiliar | D19: Serviço | K19: Bdi | M19: Unid. | P19: Quantidade | V19: Preço Unitário | Z19: Total | AC19: Preço Unitário | AD19: Total
D20: PAVIMENTAÇÃO
A21: 40001 | D21: DESMATAMENTO E LIMPEZA - INCLUSO DESTOCAMENTO DE ÁRVORES COM DIÂMETROS MENORES DE 15 cm | K21: =BD!$E$4 -> 0.1109 | M21: m2 | P21: 79.64 | V21: 0.57 | Z21: 45.39 | AC21: 0.16 | AD21: =TRUNC(AC21*P21,2) -> 12.74
A22: 40305 | D22: ACABAMENTO E RECOMPOSIÇÃO DE JAZIDA | K22: =BD!$E$4 -> 0.1109 | M22: m2 | P22: 79.64 | V22: 0.42 | Z22: 33.44 | AC22: 0.14 | AD22: =TRUNC(AC22*P22,2) -> 11.14
A23: 44100 | D23: ESCAVAÇÃO E CARGA DE MATERIAL DE JAZIDA (PAV.URB.) | K23: =BD!$E$4 -> 0.1109 | M23: m3 | P23: 47.78 | V23: 8.08 | Z23: 386.06 | AC23: 2.36 | AD23: =TRUNC(AC23*P23,2) -> 112.76
A24: 44102 | D24: TRANSPORTE DE MATERIAL DE JAZIDA (CASCALHO) (PAV.URB.) | K24: =BD!$E$4 -> 0.1109 | M24: m3km | P24: 344.04 | V24: 3.22 | Z24: 1107.8 | AC24: 0.87 | AD24: =TRUNC(AC24*P24,2) -> 299.31
A25: 44151 | D25: ESTABILIZAÇÃO SOLO-CIMENTO 2% PESO-PISTA (PAV.URB.) S/ TRANS. LOCAL DE CIMENTO | K25: =BD!$E$4 -> 0.1109 | M25: m3 | P25: 38.23 | V25: 67.61 | Z25: 2584.73 | AC25: 43.43 | AD25: =TRUNC(AC25*P25,2) -> 1660.32
A26: 44201 | D26: PINTURA DE LIGAÇÃO (PAV.URB.) | K26: =BD!$E$4 -> 0.1109 | M26: m2 | P26: 955.68 | V26: 0.42 | Z26: 401.38 | AC26: 0.13 | AD26: =TRUNC(AC26*P26,2) -> 124.23
A27: 40425 | D27: REMOÇÃO E CARGA DE PAV. ASFÁLTICA ( EXCETO TRANSPORTE) | K27: =BD!$E$4 -> 0.1109 | M27: m3 | P27: 76.45 | V27: 9.68 | Z27: 740.03 | AC27: 3.08 | AD27: =TRUNC(AC27*P27,2) -> 235.46
A28: 40430 | D28: TRANSPORTE DE PAVIMENTO REMOVIDO | K28: =BD!$E$4 -> 0.1109 | M28: m3km | P28: 198.78 | V28: 3.29 | Z28: 653.98 | AC28: 0.89 | AD28: =TRUNC(AC28*P28,2) -> 176.91
A29: 44300 | D29: TRANSPORTE LOCAL DE MATERIAL BETUMINOSO (PAV.URB.) | K29: =BD!$E$4 -> 0.1109 | M29: TKM | P29: 0.79 | V29: 3.16 | Z29: 2.49 | AC29: 0.85 | AD29: =TRUNC(AC29*P29,2) -> 0.67
A30: 44200 | D30: IMPRIMAÇÃO (PAV.URB.) | K30: =BD!$E$4 -> 0.1109 | M30: m2 | P30: 238.92 | V30: 0.51 | Z30: 121.84 | AC30: 0.16 | AD30: =TRUNC(AC30*P30,2) -> 38.22
A31: 44205 | D31: PRÉ-MISTURADO A FRIO - PMF (PAV.URB.) | K31: =BD!$E$4 -> 0.1109 | M31: m3 | P31: 38.23 | V31: 282.1 | Z31: 10784.68 | AC31: 158.88 | AD31: =TRUNC(AC31*P31,2) -> 6073.98
A32: 44211 | D32: MICRORREVESTIMENTO À FRIO - 1,0cm S/COMP. (BC) (PAV.URB.) | K32: =BD!$E$4 -> 0.1109 | M32: m2 | P32: 47784.48 | V32: 5.3 | Z32: 253257.74 | AC32: 2.11 | AD32: =TRUNC(AC32*P32,2) -> 100825.25
... A35: 40455 | D35: TRANSPORTE COMERCIAL DE AGREGADOS | K35: =BD!$E$4 -> 0.1109 | M35: m3km | P35: 36907.56 | V35: 1.42 | Z35: 52408.73 | AC35: 0.37 | AD35: =TRUNC(AC35*P35,2) -> 13655.79
A36: 40510 | D36: FORNECIMENTO DE EMULSÃO RR-1C | K36: =BD!$F$4 -> 0.0753 | M36: T | P36: 0.48 | V36: 3289.9 | Z36: 1579.15 | AC36: 3289.9 | AD36: =TRUNC(AC36*P36,2) -> 1579.15
A37: 40500 | D37: FORNECIMENTO DE EMULSÃO RL-1C | K37: =BD!$F$4 -> 0.0753 | M37: T | P37: 6.98 | V37: 3472.38 | Z37: 24237.21 | AC37: 3472.38 | AD37: =TRUNC(AC37*P37,2) -> 24237.21
A38: 40485 | D38: FORNECIMENTO DE EMULSÃO ASFÁLTICA PARA IMPRIMAÇÃO - EAI | K38: =BD!$F$4 -> 0.0753 | M38: t | P38: 0.31 | V38: 3681.8 | Z38: 1141.35 | AC38: 2765.68 | AD38: =TRUNC(AC38*P38,2) -> 857.36
A39: 40530 | D39: TRANSPORTE COMERCIAL DE MATERIAL BETUMINOSO (DT= 521,00KM) | K39: =BD!$E$4 -> 0.1109 | M39: tkm | P39: 46369.02 | V39: 1.89 | Z39: 87637.44 | AC39: 0.51 | AD39: =TRUNC(AC39*P39,2) -> 23648.2
A40: 40511 | D40: FORNECIMENTO DE EMULSÃO RC-1C COM POLÍMERO | K40: =BD!$F$4 -> 0.0753 | M40: t | P40: 81.23 | V40: 4883.55 | Z40: 396690.76 | AC40: 4068.14 | AD40: =TRUNC(AC40*P40,2) -> 330455.01
A42: Total do Grupo : | Y42: 834040.27 | AC42: 504066.16
A45: Cód. Auxiliar | D45: Serviço | K45: Bdi | M45: Unid. | P45: Quantidade | V45: Preço Unitário | Z45: Total | AC45: Preço Unitário | AD45: Total
D46: SERVIÇOS COMPLEMENTARES
A47: 40835 | D47: TACHA REFLETIVA BIDIRECIONAL | K47: =BD!$E$4 -> 0.1109 | M47: Un | P47: 529 | V47: 40.68 | Z47: 21519.72 | AC47: 37.45 | AD47: =TRUNC(AC47*P47,2) -> 19811.05
A48: 40815 | D48: SINALIZAÇÃO HORIZONTAL COM RESINA ACRÍLICA (0,6 mm) | K48: =BD!$E$4 -> 0.1109 | M48: m2 | P48: 230.59 | V48: 38.2 | Z48: 8808.53 | AC48: 35.17 | AD48: =TRUNC(AC48*P48,2) -> 8109.85
A49: 42480 | D49: CAIAÇÃO (3 DEMÃOS) | K49: =BD!$E$4 -> 0.1109 | M49: m2 | P49: 1505.42 | V49: 4.19 | Z49: 6307.7 | AC49: 3.86 | AD49: =TRUNC(AC49*P49,2) -> 5810.92
A51: Total do Grupo : | Y51: 36635.95 | AC51: 33731.82
A54: Cód. Auxiliar | D54: Serviço | K54: Bdi | M54: Unid. | P54: Quantidade | V54: Preço Unitário | Z54: Total | AC54: Preço Unitário | AD54: Total
D55: MOBILIZAÇÃO E INSTALAÇÃO DE CANTEIRO
A56: 42301 | D56: MOBILIZAÇÃO / DESMOBILIZAÇÃO - CONFORME DEMONSTRATIVO | K56: =BD!$E$4 -> 0.1109 | M56: un | P56: 1 | V56: 95828.58 | Z56: 95828.58 | AC56: 58487.739 | AD56: =TRUNC(AC56*P56,2) -> 58487.73
A57: 42000 | D57: INSTALAÇÃO DE CANTEIRO/ ADMINISTRAÇÃO - CONFORME DEMONSTRATIVO | K57: =BD!$E$4 -> 0.1109 | M57: un | P57: 1 | V57: 132302.75 | Z57: 132302.75 | AC57: 95384.309 | AD57: =TRUNC(AC57*P57,2) -> 95384.3
A59: Total do Grupo : | Y59: 228131.33 | AC59: 153872.03
A61: Total do Orçamento : | Y61: 1098807.6 | AC61: 691670.01
A65: Discriminação - SANTA RITA DO ARAGUAIA | L65: Percentual | S65: Preço | Y65: Preço/m2
A67: PAVIMENTAÇÃO | L67: =S67/$S$73 -> 0.72876683 | S67: =AC42 -> 504066.16 | Y67: =TRUNC(S67/$AE$10,2) -> 21.09
A69: SERVIÇOS COMPLEMENTARES | L69: =S69/$S$73 -> 0.048768661 | S69: =AC51 -> 33731.82 | Y69: =TRUNC(S69/$AE$10,2) -> 1.41
A71: MOBILIZAÇÃO E INSTALAÇÃO DE CANTEIRO | L71: =S71/$S$73 -> 0.22246451 | S71: =AC59 -> 153872.03 | Y71: =TRUNC(S71/$AE$10,2) -> 6.44
A73: Total geral | L73: =SUM(L67:R72) -> 1 | S73: =AC61 -> 691670.01 | Y73: =SUM(Y67:AA72) -> 28.94
A74: SCO - Sistema de Custos e Orçamentos
A76: _____________________________________________ PAVIMETAS ENGENHARIA LTDA CNPJ nº 07.013.955/0001-22 Karine Cardoso Coelho - Procuradora CREA nº 1019145196/D RG nº 5871522 SSP - CPF nº 700.303.011-06

Sheet ADM STA R
A1: PROGRAMA GOIÁS EM MOVIMENTO - MUNICÍPIOS - SANTA RITA DO ARAGUAIA - GO (T-233)
A4: ADMINISTRAÇÃO LOCAL/ INSTALAÇÕES PROVISÓRIAS
A5: MÃO DE OBRA
A6: DESCRIÇÃO | B6: UNIDADE | C6: QUANTIDADE | D6: PARTIC. MENSAL MÉDIA (%) | E6: Meses | F6: PREÇO UNITÁRIO | G6: PREÇO TOTAL
A7: DIVISÃO DE ENGENHARIA
A8: Engenheiro de Produção/ Civil | B8: mês | C8: 1 | D8: 10 | E8: 2 | F8: 19573.29 | G8: =F8*E8*C8*(D8/100) -> 3914.658
A9: Laboratorista de Betumes e Concretos | B9: mês | C9: 1 | D9: 50 | E9: 2 | F9: 5499.71 | G9: =F9*E9*C9*(D9/100) -> 5499.71
A10: Auxiliar de Laboratorista | B10: mês | C10: 1 | D10: 100 | E10: 2 | F10: 2325.77 | G10: =F10*E10*C10*(D10/100) -> 4651.54
A11: DIVISÃO DE SEGURANÇA E MEDICINA DO TRABALHO
A12: Técnico de Segurança do Trabalho | B12: mês | C12: 1 | D12: 2.5 | E12: 2 | F12: 5016.14 | G12: =F12*E12*C12*(D12/100) -> 250.807
A13: DIVISÃO ADMINISTRATIVA
A14: Encarregado Administrativo | B14: mês | C14: 1 | D14: 2.5 | E14: 2 | F14: 4233.2 | G14: =F14*E14*C14*(D14/100) -> 211.66
A16: OUTROS ITENS
A17: MANUTENÇÃO DO CANTEIRO
A18: Material de Expediente / Cópias / Impressões | B18: mês | C18: 1 | D18: 100 | E18: 2 | F18: 150 | G18: =F18*E18*C18*(D18/100) -> 300
A19: Medicamentos | B19: mês | C19: 1 | D19: 100 | E19: 2 | F19: 37.5 | G19: =F19*E19*C19*(D19/100) -> 75
A20: VEÍCULOS
A21: Veículo sedan - 71 a 115 CV | B21: mês | C21: 1 | D21: 100 | E21: 2 | F21: 2446.3125 | G21: =F21*E21*C21*(D21/100) -> 4892.625
A22: EQUIPAMENTOS DIRETOS
A23: Equipamentos de Laboratório de Betume | B23: mês | C23: 1 | D23: 100 | E23: 2 | F23: 3901.8525 | G23: =F23*E23*C23*(D23/100) -> 7803.705
A24: Caminhão prancha 30 T | B24: mês | C24: 1 | D24: 2.5 | E24: 2 | F24: 27148.44 | G24: =F24*E24*C24*(D24/100) -> 1357.422
A26: IMÓVEIS
A27: Aluguel de escritório | B27: mês | C27: 1 | D27: 100 | E27: 2 | F27: 2942.9775 | G27: =F27*E27*C27*(D27/100) -> 5885.955
A28: Aluguel de casa para alojamento | B28: mês | C28: 1 | D28: 100 | E28: 2 | F28: 4033.83 | G28: =F28*E28*C28*(D28/100) -> 8067.66
A30: MOBILIÁRIO
A31: Mobiliário de alojamento p/ pessoal | B31: mês | C31: 1 | D31: 100 | E31: 2 | F31: 458.775 | G31: =F31*E31*C31*(D31/100) -> 917.55
A32: Mobiliário de escritório | B32: mês | C32: 1 | D32: 100 | E32: 2 | F32: 4422.54 | G32: =F32*E32*C32*(D32/100) -> 8845.08
A34: SERVIÇOS TÉCNICOS
A35: PCMSO (NR-7) | B35: und | C35: 1 | F35: 281.25 | G35: =F35*C35 -> 281.25
A36: PGR (NR-18 ) | B36: und | C36: 1 | F36: 2375.0025 | G36: =F36*C36 -> 2375.0025
A37: Exames Admissionais/Demissionais | B37: und | C37: 40 | F37: 23.1225 | G37: =F37*C37 -> 924.9
A38: Anotação de Responsabilidade Técnica | B38: und | C38: 1 | F38: 196.9125 | G38: =F38*C38 -> 196.9125
A39: OUTROS
A40: Banheiro Químico | B40: und | C40: 3 | F40: 559.26 | G40: =F40*C40 -> 1677.78
A41: SINALIZAÇÃO
A42: Placa Padrão Programa Goiás em Movimento | B42: m2 | C42: 18 | F42: 315.615 | G42: =F42*C42 -> 5681.07
A43: Sinalização - placas de sinalização (desvio / pare siga) | B43: m2 | C43: 15 | F43: 315.615 | G43: =F43*C43 -> 4734.225
A44: Cones de Sinalização | B44: und | C44: 100 | F44: 77.22 | G44: =F44*C44 -> 7722
A45: LICENÇAS AMBIENTAIS
A46: Licença de Instalação de Canteiro (fixo) | B46: und | C46: 1 | F46: 4052.28 | G46: =F46*C46 -> 4052.28
A47: Licença de Instalação de Canteiro (área) | B47: m2 | C47: 1200 | F47: 0.3 | G47: =F47*C47 -> 360
A48: Licença de Instalação de Usina de PMF | B48: und | C48: 1 | F48: 5183.4 | G48: =F48*C48 -> 5183.4
F50: Total Geral | G50: =SUM(G8:G14,G18:G48) -> 85862.192
F51: BDI (11,09%) | G51: =G50*$H$51 -> 9522.1171 | H51: =BD!$E$4 -> 0.1109
F52: Total Geral com BDI | G52: =G50+G51 -> 95384.309
A53: _____________________________________________ PAVIMETAS ENGENHARIA LTDA CNPJ nº 07.013.955/0001-22 Karine Cardoso Coelho - Procuradora CREA nº 1019145196/D RG nº 5871522 SSP - CPF nº 700.303.011-06

Sheet MOB STA RITA
A1: MOBILIZAÇÃO E DEMOSMOBILIZAÇÃO - SANTA RITA DO ARAGUAIA
A2: Equipamento | C2: Mobilizador | D2: FU (A) | E2: Hora Produtiv (B) | F2: DT” (C) | G2: Custo (D=AxB/60) | H2: Quantidade (E) | I2: Total (CxDxE)
A3: Autopropelidos
A4: 30050 | B4: CAMINHÃO APLICADOR DE MATERIAL TERMOPLÁSTICO | C4: 30050 | D4: 1 | E4: 177.4261 | F4: 510 | G4: =TRUNC(D4*E4/60,2) -> 2.95
A5: 30037 | B5: CAMINHÃO BASCULANTE 10 M3 - 15 T | C5: 30037 | D5: 1 | E5: 109.3683 | F5: 510 | G5: =TRUNC(D5*E5/60,2) -> 1.82 | H5: 1 | I5: =TRUNC(F5*G5*H5,2) -> 928.2
A6: 30036 | B6: CAMINHÃO BASCULANTE 6 M3 - 10,5 T | C6: 30036 | D6: 1 | E6: 64.9091 | F6: 510 | G6: =TRUNC(D6*E6/60,2) -> 1.08
A7: 30035 | B7: CAMINHÃO CARROCERIA MADEIRA - 15 T | C7: 30035 | D7: 1 | E7: 247.74 | F7: 510 | G7: =TRUNC(D7*E7/60,2) -> 4.12 | H7: 1 | I7: =TRUNC(F7*G7*H7,2) -> 2101.2
A8: 30125 | B8: CAMINHÃO COM BATE ESTACAS HIDRÁULICO PARA DEFENSA | C8: 30125 | D8: 1 | E8: 103.5519 | F8: 510 | G8: =TRUNC(D8*E8/60,2) -> 1.72
A9: 30120 | B9: CAMINHÃO DISTRIBUIDOR DE CIMENTO | C9: 30120 | D9: 1 | E9: 158.767 | F9: 510 | G9: =TRUNC(D9*E9/60,2) -> 2.64
A10: 31062 | B10: CAMINHÃO MUNCK (GUINDAUTO) | C10: 31062 | D10: 1 | E10: 90.6796 | F10: 510 | G10: =TRUNC(D10*E10/60,2) -> 1.51
A11: 30053 | B11: CAMINHÃO PARA HIDROSSEMEADURA | C11: 30053 | D11: 1 | E11: 107.9031 | F11: 510 | G11: =TRUNC(D11*E11/60,2) -> 1.79
A12: 30049 | B12: CAMINHÃO PARA PINTURA A FRIO COM DEMARCADOR DE FAIXAS | C12: 30049 | D12: 1 | E12: 307.6 | F12: 510 | G12: =TRUNC(D12*E12/60,2) -> 5.12 | H12: 1 | I12: =TRUNC(F12*G12*H12,2) -> 2611.2
A13: 30040 | B13: CAMINHÃO TANQUE 10.000L | C13: 30040 | D13: 1 | E13: 109.5681 | F13: 510 | G13: =TRUNC(D13*E13/60,2) -> 1.82 | H13: 1 | I13: =TRUNC(F13*G13*H13,2) -> 928.2
A14: 30039 | B14: CAMINHÃO TANQUE 6.000L | C14: 30039 | D14: 1 | E14: 83.3277 | F14: 510 | G14: =TRUNC(D14*E14/60,2) -> 1.38
A15: 30021 | B15: CAMINHÃO TANQUE DISTRIBUIDOR DE ASFALTO | C15: 30021 | D15: 1 | E15: 87.3126 | F15: 510 | G15: =TRUNC(D15*E15/60,2) -> 1.45 | H15: 1 | I15: =TRUNC(F15*G15*H15,2) -> 739.5
A16: 30030 | B16: USINA MÓVEL PARA MICRO REVESTIMENTO | C16: 30030 | D16: 1 | E16: 227.2577 | F16: 510 | G16: =TRUNC(D16*E16/60,2) -> 3.78 | H16: 1 | I16: =TRUNC(F16*G16*H16,2) -> 1927.8
A17: Rebocados
A18: 30010 | B18: CARREGADEIRA DE PNEUS CAT - 924 H OU EQUIVALENTE | C18: 30105 | D18: 0.5 | E18: 285.795 | F18: 510 | G18: =TRUNC(D18*E18/60,2) -> 2.38 | H18: 1 | I18: =TRUNC(F18*G18*H18,2) -> 1213.8
A19: 30007 | B19: CARREGADEIRA DE PNEUS CAT - 950 H OU EQUIVALENTE | C19: 30105 | D19: 0.5 | E19: 285.795 | F19: 510 | G19: =TRUNC(D19*E19/60,2) -> 2.38
A20: 30011 | B20: ESCAVADEIRA HIDRÁULICA - 320DL OU EQUIVALENTE | C20: 30105 | D20: 1 | E20: 285.795 | F20: 510 | G20: =TRUNC(D20*E20/60,2) -> 4.76
A21: 30057 | B21: ESCAVADEIRA HIDRÁULICA - CAT 323DL OU EQUIVALENTE | C21: 30105 | D21: 1 | E21: 285.795 | F21: 510 | G21: =TRUNC(D21*E21/60,2) -> 4.76
A22: 30019 | B22: FRESADORA A FRIO - W 200 F OU EQUIVALENTE | C22: 30105 | D22: 1 | E22: 285.795 | F22: 510 | G22: =TRUNC(D22*E22/60,2) -> 4.76
A23: 30158 | B23: MINI-CARREGADEIRA DE PNEUS COM FRESADORA | C23: 30105 | D23: 0.33 | E23: 285.795 | F23: 510 | G23: =TRUNC(D23*E23/60,2) -> 1.57
A24: 30058 | B24: MINI-CARREGADEIRA DE PNEUS COM VASSOURA DE 1,8 m | C24: 30105 | D24: 0.33 | E24: 285.795 | F24: 510 | G24: =TRUNC(D24*E24/60,2) -> 1.57
A25: 30046 | B25: MOTONIVELADORA - CAT 120K OU EQUIVALENTE | C25: 30105 | D25: 1 | E25: 285.795 | F25: 510 | G25: =TRUNC(D25*E25/60,2) -> 4.76 | H25: 1 | I25: =TRUNC(F25*G25*H25,2) -> 2427.6
A26: 30029 | B26: PERFURATRIZ SOBRE ESTEIRAS - CRAWLER DRILL OU EQUIVALENTE | C26: 30105 | D26: 0.5 | E26: 285.795 | F26: 510 | G26: =TRUNC(D26*E26/60,2) -> 2.38
A27: 30101 | B27: RECICLADORA DE PAVIMENTO À FRIO - CATERPILLAR RM-500 OU EQUIVALENTE | C27: 30105 | D27: 1 | E27: 285.795 | F27: 510 | G27: =TRUNC(D27*E27/60,2) -> 4.76
A28: 30008 | B28: RETRO ESCAVADEIRA DE PNEUS - CATERPILLAR 416E OU EQUIVALENTE | C28: 30105 | D28: 0.5 | E28: 285.795 | F28: 510 | G28: =TRUNC(D28*E28/60,2) -> 2.38
A29: 30015 | B29: ROLO COMPACTADOR DE PNEUS AUTOPROPELIDO - 27 T | C29: 30105 | D29: 0.5 | E29: 285.795 | F29: 510 | G29: =TRUNC(D29*E29/60,2) -> 2.38 | H29: 1 | I29: =TRUNC(F29*G29*H29,2) -> 1213.8
A30: 30012 | B30: ROLO LISO TANDEN - 6/8 T - CA-150 OU EQUIVALENTE | C30: 30105 | D30: 0.5 | E30: 285.795 | F30: 510 | G30: =TRUNC(D30*E30/60,2) -> 2.38 | H30: 1 | I30: =TRUNC(F30*G30*H30,2) -> 1213.8
A31: 30014 | B31: ROLO LISO VIBRATORIO AUTOPROPELIDO - CS533 E OU EQUIVALENTE | C31: 30105 | D31: 0.5 | E31: 285.795 | F31: 510 | G31: =TRUNC(D31*E31/60,2) -> 2.38
A32: 30009 | B32: ROLO PÉ DE CARNEIRO AUTOPROPELIDO - CA 250 OU EQUIVALENTE | C32: 30105 | D32: 0.5 | E32: 285.795 | F32: 510 | G32: =TRUNC(D32*E32/60,2) -> 2.38 | H32: 1 | I32: =TRUNC(F32*G32*H32,2) -> 1213.8
A33: 30020 | B33: TANQUE DE ESTOCAGEM ASFALTO (30.000L) | C33: 30105 | D33: 1 | E33: 285.795 | F33: 510 | G33: =TRUNC(D33*E33/60,2) -> 4.76 | H33: 1 | I33: =TRUNC(F33*G33*H33,2) -> 2427.6
A34: 30005 | B34: TRATOR DE PNEUS AGRÍCOLA - MF 4292 OU EQUIVALENTE | C34: 30105 | D34: 0.5 | E34: 285.795 | F34: 510 | G34: =TRUNC(D34*E34/60,2) -> 2.38 | H34: 1 | I34: =TRUNC(F34*G34*H34,2) -> 1213.8
A35: 30006 | B35: TRATOR DE PNEUS COM ROÇADEIRA | C35: 30105 | D35: 0.5 | E35: 285.795 | F35: 510 | G35: =TRUNC(D35*E35/60,2) -> 2.38
A36: 30001 | B36: TRATOR ESTEIRAS COM LÃMINA - CAT D8 OU EQUIVALENTE | C36: 30105 | D36: 1 | E36: 285.795 | F36: 510 | G36: =TRUNC(D36*E36/60,2) -> 4.76 | H36: 1 | I36: =TRUNC(F36*G36*H36,2) -> 2427.6
A37: 30002 | B37: TRATOR ESTEIRAS COM ESCARIFICADOR - CAT D8 OU EQUIVALENTE | C37: 30105 | D37: 1 | E37: 285.795 | F37: 510 | G37: =TRUNC(D37*E37/60,2) -> 4.76
A38: 30059 | B38: TRATOR ESTEIRAS COM LAMINA - CAT D4 OU EQUIVALENTE | C38: 30105 | D38: 0.5 | E38: 285.795 | F38: 510 | G38: =TRUNC(D38*E38/60,2) -> 2.38
A39: 30000 | B39: TRATOR ESTEIRAS COM LAMINA - CAT D6 OU EQUIVALENTE | C39: 30105 | D39: 0.5 | E39: 285.795 | F39: 510 | G39: =TRUNC(D39*E39/60,2) -> 2.38
A40: 30025 | B40: USINA DE ASFALTO A QUENTE 80 t/h | C40: 30105 | D40: 3 | E40: 285.795 | F40: 510 | G40: =TRUNC(D40*E40/60,2) -> 14.28
A41: 30016 | B41: USINA MISTURADORA DE SOLO 300 t/h | C41: 30105 | D41: 2 | E41: 285.795 | F41: 510 | G41: =TRUNC(D41*E41/60,2) -> 9.52
A42: 30024 | B42: USINA PRÉ-MISTURADO A FRIO 60 t/h | C42: 30105 | D42: 1 | E42: 285.795 | F42: 510 | G42: =TRUNC(D42*E42/60,2) -> 4.76 | H42: 1 | I42: =TRUNC(F42*G42*H42,2) -> 2427.6
A43: 30023 | B43: VIBROACABADORA DE ASFALTO SOBRE ESTEIRAS | C43: 30105 | D43: 0.5 | E43: 285.795 | F43: 510 | G43: =TRUNC(D43*E43/60,2) -> 2.38 | H43: 1 | I43: =TRUNC(F43*G43*H43,2) -> 1213.8
A44: Sub Total de Equipamento (F) | I44: =SUM(I5:I16)+SUM(I18:I43) -> 26229.3
B45: Mão de Obra | F45: Percentual | G45: Custo | H45: Total de | I45: Total
F46: mobilizado (G) | G46: (H) | H46: operários (I) | I46: (GxHxI)
A47: I | B47: EFETIVO PESSOAL A SER MOBILIZADO | F47: 0.3 | G47: 105.76 | H47: 3 | I47: =H47*G47*F47 -> 95.184
A48: Sub Total de Mão de Obra (J) | I48: =I47 -> 95.184
A49: Custo por Mobilização (K=F+J) : | I49: =I48+I44 -> 26324.484
A50: BDI 11,09% (L) : | I50: =J50*I49 -> 2919.3853 | J50: =BD!$E$4 -> 0.1109
A51: Preço por Mobilização (M=K+L) : | I51: =I50+I49 -> 29243.869
A52: Total Mobilização / Desmobilização (2xM) : | I52: =I51*2 -> 58487.739
A53: _____________________________________________ PAVIMETAS ENGENHARIA LTDA CNPJ nº 07.013.955/0001-22 Karine Cardoso Coelho - Procuradora CREA nº 1019145196/D RG nº 5871522 SSP - CPF nº 700.303.011-06

Sheet ORÇ PARANAIGUARA
A1: À
A2: AGÊNCIA GOIANA DE INFRAESTRUTURA E TRANSPORTES – GOINFRA
A3: COMISSÃO PERMANENTE DE LICITAÇÃO
A4: REF.: CONCORRÊNCIA ELETRÔNICA Nº028/2024, 16 DE SETEMBRO DE 2024 ÁS 09:00H
A5: OBJETO: Serviços de execução conservação preventi va de pavimentos asfálti cos, a serem prestados nos municípios que compõeo LOTE 67 do programa Goiás em movimento – eixo municípios (Cachoeira Alta, Paranaiguara, Perolândia e Santa Rita do Araguaia), no Estado deGoiás. | AE5: 24299.4
A6: EMPRESA: PAVIMETAS ENGENHARIA LTDA - CNPJ: 07.013.955/0001-22
A8: Setor | C8: : GOINFRA - AGÊNCIA GOIANA DE INFRAESTRUTURA E TRANSPORTES
A9: Orçamento | C9: : 202200036002373-1/2024 | U9: Data Orçamento : 04/04/2024
A10: Descrição | C10: : ORÇAMENTO DE RECUPERAÇÃO DE PAVIMENTO EM VIAS URBANAS - PROGRAMA GOIÁS EM MOVIMENTO - MUNICÍPIOS - PARANAIGUARA - GOIÁS
A11: Versão | C11: : ORÇAMENTO REALIZADO NA TABELA DE TERRAPLENAGEM, PAVIMENTAÇÃO E OBRAS DE ARTE ESPECIAIS - DEZEMBRO/23 - SEM DESONERAÇÃO - T233
A12: Trecho | C12: :
A13: Nat. Serviço | C13: : Obra Rodoviária
A14: Subtrecho | C14: :
A15: Extensão | C15: : 24.299,40 m2
U16: Data Base : 01/12/2023
A17: ORÇAMENTO BASE - PARANAIGUARA | AC17: PROPOSTA PAVIMETAS
A19: Cód. Auxiliar | D19: Serviço | K19: Bdi | M19: Unid. | P19: Quantidade | V19: Preço Unitário | Z19: Total | AC19: Preço Unitário | AD19: Total
D20: PAVIMENTAÇÃO
A21: 40001 | D21: DESMATAMENTO E LIMPEZA - INCLUSO DESTOCAMENTO DE ÁRVORES COM DIÂMETROS MENORES DE 15 cm | K21: =BD!$E$4 -> 0.1109 | M21: m2 | P21: 81 | V21: 0.57 | Z21: 46.17 | AC21: 0.16 | AD21: =TRUNC(AC21*P21,2) -> 12.96
A22: 40305 | D22: ACABAMENTO E RECOMPOSIÇÃO DE JAZIDA | K22: =BD!$E$4 -> 0.1109 | M22: m2 | P22: 81 | V22: 0.42 | Z22: 34.02 | AC22: 0.14 | AD22: =TRUNC(AC22*P22,2) -> 11.34
A23: 44100 | D23: ESCAVAÇÃO E CARGA DE MATERIAL DE JAZIDA (PAV.URB.) | K23: =BD!$E$4 -> 0.1109 | M23: m3 | P23: 48.6 | V23: 8.08 | Z23: 392.68 | AC23: 2.36 | AD23: =TRUNC(AC23*P23,2) -> 114.69
A24: 44102 | D24: TRANSPORTE DE MATERIAL DE JAZIDA (CASCALHO) (PAV.URB.) | K24: =BD!$E$4 -> 0.1109 | M24: m3km | P24: 967.1 | V24: 3.22 | Z24: 3114.06 | AC24: 0.87 | AD24: =TRUNC(AC24*P24,2) -> 841.37
A25: 44151 | D25: ESTABILIZAÇÃO SOLO-CIMENTO 2% PESO-PISTA (PAV.URB.) S/ TRANS. LOCAL DE CIMENTO | K25: =BD!$E$4 -> 0.1109 | M25: m3 | P25: 38.88 | V25: 67.61 | Z25: 2628.67 | AC25: 43.43 | AD25: =TRUNC(AC25*P25,2) -> 1688.55
A26: 44201 | D26: PINTURA DE LIGAÇÃO (PAV.URB.) | K26: =BD!$E$4 -> 0.1109 | M26: m2 | P26: 971.97 | V26: 0.42 | Z26: 408.22 | AC26: 0.13 | AD26: =TRUNC(AC26*P26,2) -> 126.35
A27: 40425 | D27: REMOÇÃO E CARGA DE PAV. ASFÁLTICA ( EXCETO TRANSPORTE) | K27: =BD!$E$4 -> 0.1109 | M27: m3 | P27: 77.76 | V27: 9.68 | Z27: 752.71 | AC27: 3.08 | AD27: =TRUNC(AC27*P27,2) -> 239.5
A28: 40430 | D28: TRANSPORTE DE PAVIMENTO REMOVIDO | K28: =BD!$E$4 -> 0.1109 | M28: m3km | P28: 552.08 | V28: 3.29 | Z28: 1816.34 | AC28: 0.89 | AD28: =TRUNC(AC28*P28,2) -> 491.35
A29: 44300 | D29: TRANSPORTE LOCAL DE MATERIAL BETUMINOSO (PAV.URB.) | K29: =BD!$E$4 -> 0.1109 | M29: TKM | P29: 1.6 | V29: 3.16 | Z29: 5.05 | AC29: 0.85 | AD29: =TRUNC(AC29*P29,2) -> 1.36
A30: 44200 | D30: IMPRIMAÇÃO (PAV.URB.) | K30: =BD!$E$4 -> 0.1109 | M30: m2 | P30: 242.99 | V30: 0.51 | Z30: 123.92 | AC30: 0.16 | AD30: =TRUNC(AC30*P30,2) -> 38.87
A31: 44205 | D31: PRÉ-MISTURADO A FRIO - PMF (PAV.URB.) | K31: =BD!$E$4 -> 0.1109 | M31: m3 | P31: 38.88 | V31: 282.1 | Z31: 10968.04 | AC31: 158.88 | AD31: =TRUNC(AC31*P31,2) -> 6177.25
A32: 44211 | D32: MICRORREVESTIMENTO À FRIO - 1,0cm S/COMP. (BC) (PAV.URB.) | K32: =BD!$E$4 -> 0.1109 | M32: m2 | P32: 48598.8 | V32: 5.3 | Z32: 257573.64 | AC32: 2.11 | AD32: =TRUNC(AC32*P32,2) -> 102543.46
... A36: 40455 | D36: TRANSPORTE COMERCIAL DE AGREGADOS | K36: =BD!$E$4 -> 0.1109 | M36: m3km | P36: 42064.93 | V36: 1.42 | Z36: 59732.2 | AC36: 0.37 | AD36: =TRUNC(AC36*P36,2) -> 15564.02
A37: 40510 | D37: FORNECIMENTO DE EMULSÃO RR-1C | K37: =BD!$F$4 -> 0.0753 | M37: T | P37: 0.49 | V37: 3289.9 | Z37: 1612.05 | AC37: 3289.9 | AD37: =TRUNC(AC37*P37,2) -> 1612.05
A38: 40500 | D38: FORNECIMENTO DE EMULSÃO RL-1C | K38: =BD!$F$4 -> 0.0753 | M38: T | P38: 7.1 | V38: 3472.38 | Z38: 24653.89 | AC38: 3472.38 | AD38: =TRUNC(AC38*P38,2) -> 24653.89
A39: 40485 | D39: FORNECIMENTO DE EMULSÃO ASFÁLTICA PARA IMPRIMAÇÃO - EAI | K39: =BD!$F$4 -> 0.0753 | M39: t | P39: 0.32 | V39: 3681.8 | Z39: 1178.17 | AC39: 2765.68 | AD39: =TRUNC(AC39*P39,2) -> 885.01
A40: 40530 | D40: TRANSPORTE COMERCIAL DE MATERIAL BETUMINOSO (DT= 350,00KM) | K40: =BD!$E$4 -> 0.1109 | M40: tkm | P40: 31680.87 | V40: 1.89 | Z40: 59876.84 | AC40: 0.51 | AD40: =TRUNC(AC40*P40,2) -> 16157.24
A41: 40511 | D41: FORNECIMENTO DE EMULSÃO RC-1C COM POLÍMERO | K41: =BD!$F$4 -> 0.0753 | M41: t | P41: 82.62 | V41: 4883.55 | Z41: 403478.9 | AC41: 4068.14 | AD41: =TRUNC(AC41*P41,2) -> 336109.72
A43: Total do Grupo : | Y43: 831637.92 | AC43: 509403.64
A46: Cód. Auxiliar | D46: Serviço | K46: Bdi | M46: Unid. | P46: Quantidade | V46: Preço Unitário | Z46: Total | AC46: Preço Unitário | AD46: Total
D47: MOBILIZAÇÃO E INSTALAÇÃO DE CANTEIRO
A48: 42301 | D48: MOBILIZAÇÃO / DESMOBILIZAÇÃO - CONFORME DEMONSTRATIVO | K48: =BD!$E$4 -> 0.1109 | M48: un | P48: 1 | V48: 61862.14 | Z48: 61862.14 | AC48: 36429.308 | AD48: =TRUNC(AC48*P48,2) -> 36429.3
A49: 42000 | D49: INSTALAÇÃO DE CANTEIRO/ ADMINISTRAÇÃO - CONFORME DEMONSTRATIVO | K49: =BD!$E$4 -> 0.1109 | M49: un | P49: 1 | V49: 120504.82 | Z49: 120504.82 | AC49: 87238.34 | AD49: =TRUNC(AC49*P49,2) -> 87238.34
A51: Total do Grupo : | Y51: 182366.96 | AC51: 123667.64
A53: Total do Orçamento : | Y53: 1014004.9 | AC53: 633071.28
A56: Discriminação - PARANAIGUARA | L56: Percentual | S56: Preço | Y56: Preço/m2
A58: PAVIMENTAÇÃO | L58: =S58/$S$62 -> 0.80465448 | S58: =AC43 -> 509403.64 | Y58: =TRUNC(S58/$AE$5,2) -> 20.96
A60: MOBILIZAÇÃO E INSTALAÇÃO DE CANTEIRO | L60: =S60/$S$62 -> 0.19534552 | S60: =AC51 -> 123667.64 | Y60: =TRUNC(S60/$AE$5,2) -> 5.08
A62: Total geral | L62: =SUM(L58:R61) -> 1 | S62: =AC53 -> 633071.28 | Y62: =SUM(Y58:AA61) -> 26.04
A63: SCO - Sistema de Custos e Orçamentos
A65: _____________________________________________ PAVIMETAS ENGENHARIA LTDA CNPJ nº 07.013.955/0001-22 Karine Cardoso Coelho - Procuradora CREA nº 1019145196/D RG nº 5871522 SSP - CPF nº 700.303.011-06

Sheet ADM PARANAIGUARA
A1: PROGRAMA GOIÁS EM MOVIMENTO - MUNICÍPIOS - PARANAIGUARA - GO (T-233)
A4: ADMINISTRAÇÃO LOCAL/ INSTALAÇÕES PROVISÓRIAS
A5: MÃO DE OBRA
A6: DESCRIÇÃO | B6: UNIDADE | C6: QUANTIDADE | D6: PARTIC. MENSAL MÉDIA (%) | E6: Meses | F6: PREÇO UNITÁRIO | G6: PREÇO TOTAL
A7: DIVISÃO DE ENGENHARIA
A8: Engenheiro de Produção/ Civil | B8: mês | C8: 1 | D8: 10 | E8: 2 | F8: 19573.29 | G8: =F8*E8*C8*(D8/100) -> 3914.658
A9: Laboratorista de Betumes e Concretos | B9: mês | C9: 1 | D9: 50 | E9: 2 | F9: 5499.71 | G9: =F9*E9*C9*(D9/100) -> 5499.71
A10: Auxiliar de Laboratorista | B10: mês | C10: 1 | D10: 100 | E10: 2 | F10: 2325.77 | G10: =F10*E10*C10*(D10/100) -> 4651.54
A11: DIVISÃO DE SEGURANÇA E MEDICINA DO TRABALHO
A12: Técnico de Segurança do Trabalho | B12: mês | C12: 1 | D12: 2.5 | E12: 2 | F12: 5016.14 | G12: =F12*E12*C12*(D12/100) -> 250.807
A13: DIVISÃO ADMINISTRATIVA
A14: Encarregado Administrativo | B14: mês | C14: 1 | D14: 2.5 | E14: 2 | F14: 4233.2 | G14: =F14*E14*C14*(D14/100) -> 211.66
A16: OUTROS ITENS
A17: MANUTENÇÃO DO CANTEIRO
A18: Material de Expediente / Cópias / Impressões | B18: mês | C18: 1 | D18: 100 | E18: 2 | F18: 150 | G18: =F18*E18*C18*(D18/100) -> 300
A19: Medicamentos | B19: mês | C19: 1 | D19: 100 | E19: 2 | F19: 37.5 | G19: =F19*E19*C19*(D19/100) -> 75
A20: VEÍCULOS
A21: Veículo sedan - 71 a 115 CV | B21: mês | C21: 1 | D21: 100 | E21: 2 | F21: 2446.3125 | G21: =F21*E21*C21*(D21/100) -> 4892.625
A22: EQUIPAMENTOS DIRETOS
A23: Equipamentos de Laboratório de Betume | B23: mês | C23: 1 | D23: 100 | E23: 2 | F23: 3901.8525 | G23: =F23*E23*C23*(D23/100) -> 7803.705
A24: Caminhão prancha 30 T | B24: mês | C24: 1 | D24: 2.5 | E24: 2 | F24: 27148.44 | G24: =F24*E24*C24*(D24/100) -> 1357.422
A26: IMÓVEIS
A27: Aluguel de escritório | B27: mês | C27: 1 | D27: 100 | E27: 2 | F27: 2942.9775 | G27: =F27*E27*C27*(D27/100) -> 5885.955
A28: Aluguel de casa para alojamento | B28: mês | C28: 1 | D28: 100 | E28: 2 | F28: 4033.83 | G28: =F28*E28*C28*(D28/100) -> 8067.66
A30: MOBILIÁRIO
A31: Mobiliário de alojamento p/ pessoal | B31: mês | C31: 1 | D31: 100 | E31: 2 | F31: 458.775 | G31: =F31*E31*C31*(D31/100) -> 917.55
A32: Mobiliário de escritório | B32: mês | C32: 1 | D32: 100 | E32: 2 | F32: 4422.54 | G32: =F32*E32*C32*(D32/100) -> 8845.08
A34: SERVIÇOS TÉCNICOS
A35: PCMSO (NR-7) | B35: und | C35: 1 | F35: 281.25 | G35: =F35*C35 -> 281.25
A36: PGR (NR-18 ) | B36: und | C36: 1 | F36: 2375.0025 | G36: =F36*C36 -> 2375.0025
A37: Exames Admissionais/Demissionais | B37: und | C37: 40 | F37: 23.1225 | G37: =F37*C37 -> 924.9
A38: Anotação de Responsabilidade Técnica | B38: und | C38: 1 | F38: 196.9125 | G38: =F38*C38 -> 196.9125
A39: OUTROS
A40: Banheiro Químico | B40: und | C40: 3 | F40: 559.26 | G40: =F40*C40 -> 1677.78
A41: SINALIZAÇÃO
A42: Placa Padrão Programa Goiás em Movimento | B42: m2 | C42: 7 | F42: 315.615 | G42: =F42*C42 -> 2209.305
A43: Sinalização - placas de sinalização (desvio / pare siga) | B43: m2 | C43: 15 | F43: 315.615 | G43: =F43*C43 -> 4734.225
A44: Cones de Sinalização | B44: und | C44: 50 | F44: 77.22 | G44: =F44*C44 -> 3861
A45: LICENÇAS AMBIENTAIS
A46: Licença de Instalação de Canteiro (fixo) | B46: und | C46: 1 | F46: 4052.28 | G46: =F46*C46 -> 4052.28
A47: Licença de Instalação de Canteiro (área) | B47: m2 | C47: 1200 | F47: 0.3 | G47: =F47*C47 -> 360
A48: Licença de Instalação de Usina de PMF | B48: und | C48: 1 | F48: 5183.4 | G48: =F48*C48 -> 5183.4
K49: =J49/$J$51 -> #DIV/0!
F50: Total Geral | G50: =SUM(G8:G14,G18:G48) -> 78529.427
F51: BDI (11,09%) | G51: =G50*$H$51 -> 8708.9135 | H51: =BD!$E$4 -> 0.1109
F52: Total Geral com BDI | G52: =G50+G51 -> 87238.34
A53: _____________________________________________ PAVIMETAS ENGENHARIA LTDA CNPJ nº 07.013.955/0001-22 Karine Cardoso Coelho - Procuradora CREA nº 1019145196/D RG nº 5871522 SSP - CPF nº 700.303.011-06

Sheet MOB PARANAIGUARA
A1: MOBILIZAÇÃO E DEMOSMOBILIZAÇÃO - PARANAIGUARA
A2: Equipamento | C2: Mobilizador | D2: FU (A) | E2: Hora Produtiv (B) | F2: DT” (C) | G2: Custo (D=AxB/60) | H2: Quantidade (E) | I2: Total (CxDxE)
A3: Autopropelidos
A4: 30050 | B4: CAMINHÃO APLICADOR DE MATERIAL TERMOPLÁSTICO | C4: 30050 | D4: 1 | E4: 177.4261 | F4: 352 | G4: =TRUNC(D4*E4/60,2) -> 2.95
A5: 30037 | B5: CAMINHÃO BASCULANTE 10 M3 - 15 T | C5: 30037 | D5: 1 | E5: 109.3683 | F5: 352 | G5: =TRUNC(D5*E5/60,2) -> 1.82 | H5: 1 | I5: =TRUNC(F5*G5*H5,2) -> 640.64
A6: 30036 | B6: CAMINHÃO BASCULANTE 6 M3 - 10,5 T | C6: 30036 | D6: 1 | E6: 64.9091 | F6: 352 | G6: =TRUNC(D6*E6/60,2) -> 1.08
A7: 30035 | B7: CAMINHÃO CARROCERIA MADEIRA - 15 T | C7: 30035 | D7: 1 | E7: 247.74 | F7: 352 | G7: =TRUNC(D7*E7/60,2) -> 4.12 | H7: 1 | I7: =TRUNC(F7*G7*H7,2) -> 1450.24
A8: 30125 | B8: CAMINHÃO COM BATE ESTACAS HIDRÁULICO PARA DEFENSA | C8: 30125 | D8: 1 | E8: 103.5519 | F8: 352 | G8: =TRUNC(D8*E8/60,2) -> 1.72
A9: 30120 | B9: CAMINHÃO DISTRIBUIDOR DE CIMENTO | C9: 30120 | D9: 1 | E9: 158.767 | F9: 352 | G9: =TRUNC(D9*E9/60,2) -> 2.64
A10: 31062 | B10: CAMINHÃO MUNCK (GUINDAUTO) | C10: 31062 | D10: 1 | E10: 90.6796 | F10: 352 | G10: =TRUNC(D10*E10/60,2) -> 1.51
A11: 30053 | B11: CAMINHÃO PARA HIDROSSEMEADURA | C11: 30053 | D11: 1 | E11: 107.9031 | F11: 352 | G11: =TRUNC(D11*E11/60,2) -> 1.79
A12: 30049 | B12: CAMINHÃO PARA PINTURA A FRIO COM DEMARCADOR DE FAIXAS | C12: 30049 | D12: 1 | E12: 307.6 | F12: 352 | G12: =TRUNC(D12*E12/60,2) -> 5.12
A13: 30040 | B13: CAMINHÃO TANQUE 10.000L | C13: 30040 | D13: 1 | E13: 109.5681 | F13: 352 | G13: =TRUNC(D13*E13/60,2) -> 1.82 | H13: 1 | I13: =TRUNC(F13*G13*H13,2) -> 640.64
A14: 30039 | B14: CAMINHÃO TANQUE 6.000L | C14: 30039 | D14: 1 | E14: 83.3277 | F14: 352 | G14: =TRUNC(D14*E14/60,2) -> 1.38
A15: 30021 | B15: CAMINHÃO TANQUE DISTRIBUIDOR DE ASFALTO | C15: 30021 | D15: 1 | E15: 87.3126 | F15: 352 | G15: =TRUNC(D15*E15/60,2) -> 1.45 | H15: 1 | I15: =TRUNC(F15*G15*H15,2) -> 510.4
A16: 30030 | B16: USINA MÓVEL PARA MICRO REVESTIMENTO | C16: 30030 | D16: 1 | E16: 227.2577 | F16: 352 | G16: =TRUNC(D16*E16/60,2) -> 3.78 | H16: 1 | I16: =TRUNC(F16*G16*H16,2) -> 1330.56
A17: Rebocados
A18: 30010 | B18: CARREGADEIRA DE PNEUS CAT - 924 H OU EQUIVALENTE | C18: 30105 | D18: 0.5 | E18: 285.795 | F18: 352 | G18: =TRUNC(D18*E18/60,2) -> 2.38 | H18: 1 | I18: =TRUNC(F18*G18*H18,2) -> 837.76
A19: 30007 | B19: CARREGADEIRA DE PNEUS CAT - 950 H OU EQUIVALENTE | C19: 30105 | D19: 0.5 | E19: 285.795 | F19: 352 | G19: =TRUNC(D19*E19/60,2) -> 2.38
A20: 30011 | B20: ESCAVADEIRA HIDRÁULICA - 320DL OU EQUIVALENTE | C20: 30105 | D20: 1 | E20: 285.795 | F20: 352 | G20: =TRUNC(D20*E20/60,2) -> 4.76
A21: 30057 | B21: ESCAVADEIRA HIDRÁULICA - CAT 323DL OU EQUIVALENTE | C21: 30105 | D21: 1 | E21: 285.795 | F21: 352 | G21: =TRUNC(D21*E21/60,2) -> 4.76
A22: 30019 | B22: FRESADORA A FRIO - W 200 F OU EQUIVALENTE | C22: 30105 | D22: 1 | E22: 285.795 | F22: 352 | G22: =TRUNC(D22*E22/60,2) -> 4.76
A23: 30158 | B23: MINI-CARREGADEIRA DE PNEUS COM FRESADORA | C23: 30105 | D23: 0.33 | E23: 285.795 | F23: 352 | G23: =TRUNC(D23*E23/60,2) -> 1.57
A24: 30058 | B24: MINI-CARREGADEIRA DE PNEUS COM VASSOURA DE 1,8 m | C24: 30105 | D24: 0.33 | E24: 285.795 | F24: 352 | G24: =TRUNC(D24*E24/60,2) -> 1.57
A25: 30046 | B25: MOTONIVELADORA - CAT 120K OU EQUIVALENTE | C25: 30105 | D25: 1 | E25: 285.795 | F25: 352 | G25: =TRUNC(D25*E25/60,2) -> 4.76 | H25: 1 | I25: =TRUNC(F25*G25*H25,2) -> 1675.52
A26: 30029 | B26: PERFURATRIZ SOBRE ESTEIRAS - CRAWLER DRILL OU EQUIVALENTE | C26: 30105 | D26: 0.5 | E26: 285.795 | F26: 352 | G26: =TRUNC(D26*E26/60,2) -> 2.38
A27: 30101 | B27: RECICLADORA DE PAVIMENTO À FRIO - CATERPILLAR RM-500 OU EQUIVALENTE | C27: 30105 | D27: 1 | E27: 285.795 | F27: 352 | G27: =TRUNC(D27*E27/60,2) -> 4.76
A28: 30008 | B28: RETRO ESCAVADEIRA DE PNEUS - CATERPILLAR 416E OU EQUIVALENTE | C28: 30105 | D28: 0.5 | E28: 285.795 | F28: 352 | G28: =TRUNC(D28*E28/60,2) -> 2.38
A29: 30015 | B29: ROLO COMPACTADOR DE PNEUS AUTOPROPELIDO - 27 T | C29: 30105 | D29: 0.5 | E29: 285.795 | F29: 352 | G29: =TRUNC(D29*E29/60,2) -> 2.38 | H29: 1 | I29: =TRUNC(F29*G29*H29,2) -> 837.76
A30: 30012 | B30: ROLO LISO TANDEN - 6/8 T - CA-150 OU EQUIVALENTE | C30: 30105 | D30: 0.5 | E30: 285.795 | F30: 352 | G30: =TRUNC(D30*E30/60,2) -> 2.38 | H30: 1 | I30: =TRUNC(F30*G30*H30,2) -> 837.76
A31: 30014 | B31: ROLO LISO VIBRATORIO AUTOPROPELIDO - CS533 E OU EQUIVALENTE | C31: 30105 | D31: 0.5 | E31: 285.795 | F31: 352 | G31: =TRUNC(D31*E31/60,2) -> 2.38
A32: 30009 | B32: ROLO PÉ DE CARNEIRO AUTOPROPELIDO - CA 250 OU EQUIVALENTE | C32: 30105 | D32: 0.5 | E32: 285.795 | F32: 352 | G32: =TRUNC(D32*E32/60,2) -> 2.38 | H32: 1 | I32: =TRUNC(F32*G32*H32,2) -> 837.76
A33: 30020 | B33: TANQUE DE ESTOCAGEM ASFALTO (30.000L) | C33: 30105 | D33: 1 | E33: 285.795 | F33: 352 | G33: =TRUNC(D33*E33/60,2) -> 4.76 | H33: 1 | I33: =TRUNC(F33*G33*H33,2) -> 1675.52
A34: 30005 | B34: TRATOR DE PNEUS AGRÍCOLA - MF 4292 OU EQUIVALENTE | C34: 30105 | D34: 0.5 | E34: 285.795 | F34: 352 | G34: =TRUNC(D34*E34/60,2) -> 2.38 | H34: 1 | I34: =TRUNC(F34*G34*H34,2) -> 837.76
A35: 30006 | B35: TRATOR DE PNEUS COM ROÇADEIRA | C35: 30105 | D35: 0.5 | E35: 285.795 | F35: 352 | G35: =TRUNC(D35*E35/60,2) -> 2.38
A36: 30001 | B36: TRATOR ESTEIRAS COM LÃMINA - CAT D8 OU EQUIVALENTE | C36: 30105 | D36: 1 | E36: 285.795 | F36: 352 | G36: =TRUNC(D36*E36/60,2) -> 4.76 | H36: 1 | I36: =TRUNC(F36*G36*H36,2) -> 1675.52
A37: 30002 | B37: TRATOR ESTEIRAS COM ESCARIFICADOR - CAT D8 OU EQUIVALENTE | C37: 30105 | D37: 1 | E37: 285.795 | F37: 352 | G37: =TRUNC(D37*E37/60,2) -> 4.76
A38: 30059 | B38: TRATOR ESTEIRAS COM LAMINA - CAT D4 OU EQUIVALENTE | C38: 30105 | D38: 0.5 | E38: 285.795 | F38: 352 | G38: =TRUNC(D38*E38/60,2) -> 2.38
A39: 30000 | B39: TRATOR ESTEIRAS COM LAMINA - CAT D6 OU EQUIVALENTE | C39: 30105 | D39: 0.5 | E39: 285.795 | F39: 352 | G39: =TRUNC(D39*E39/60,2) -> 2.38
A40: 30025 | B40: USINA DE ASFALTO A QUENTE 80 t/h | C40: 30105 | D40: 3 | E40: 285.795 | F40: 352 | G40: =TRUNC(D40*E40/60,2) -> 14.28
A41: 30016 | B41: USINA MISTURADORA DE SOLO 300 t/h | C41: 30105 | D41: 2 | E41: 285.795 | F41: 352 | G41: =TRUNC(D41*E41/60,2) -> 9.52
A42: 30024 | B42: USINA PRÉ-MISTURADO A FRIO 60 t/h | C42: 30105 | D42: 1 | E42: 285.795 | F42: 352 | G42: =TRUNC(D42*E42/60,2) -> 4.76 | H42: 1 | I42: =TRUNC(F42*G42*H42,2) -> 1675.52
A43: 30023 | B43: VIBROACABADORA DE ASFALTO SOBRE ESTEIRAS | C43: 30105 | D43: 0.5 | E43: 285.795 | F43: 352 | G43: =TRUNC(D43*E43/60,2) -> 2.38 | H43: 1 | I43: =TRUNC(F43*G43*H43,2) -> 837.76
A44: Sub Total de Equipamento (F) | I44: =SUM(I5:I16)+SUM(I18:I43) -> 16301.12
B45: Mão de Obra | F45: Percentual | G45: Custo | H45: Total de | I45: Total
F46: mobilizado (G) | G46: (H) | H46: operários (I) | I46: (GxHxI)
A47: I | B47: EFETIVO PESSOAL A SER MOBILIZADO | F47: 0.3 | G47: 105.76 | H47: 3 | I47: =H47*G47*F47 -> 95.184
A48: Sub Total de Mão de Obra (J) | I48: =I47 -> 95.184
A49: Custo por Mobilização (K=F+J) : | I49: =I48+I44 -> 16396.304
A50: BDI 11,09% (L) : | I50: =J50*I49 -> 1818.3501 | J50: =BD!$E$4 -> 0.1109
A51: Preço por Mobilização (M=K+L) : | I51: =I50+I49 -> 18214.654
A52: Total Mobilização / Desmobilização (2xM) : | I52: =I51*2 -> 36429.308
A53: _____________________________________________ PAVIMETAS ENGENHARIA LTDA CNPJ nº 07.013.955/0001-22 Karine Cardoso Coelho - Procuradora CREA nº 1019145196/D RG nº 5871522 SSP - CPF nº 700.303.011-06

Sheet ORÇ PEROLANDIA
A1: À
A2: AGÊNCIA GOIANA DE INFRAESTRUTURA E TRANSPORTES – GOINFRA
A3: COMISSÃO PERMANENTE DE LICITAÇÃO
A4: REF.: CONCORRÊNCIA ELETRÔNICA Nº028/2024, 16 DE SETEMBRO DE 2024 ÁS 09:00H
A5: OBJETO: Serviços de execução conservação preventi va de pavimentos asfálti cos, a serem prestados nos municípios que compõeo LOTE 67 do programa Goiás em movimento – eixo municípios (Cachoeira Alta, Paranaiguara, Perolândia e Santa Rita do Araguaia), no Estado deGoiás. | AE5: 25694.94
A6: EMPRESA: PAVIMETAS ENGENHARIA LTDA - CNPJ: 07.013.955/0001-22
A8: Setor | C8: : GOINFRA - AGÊNCIA GOIANA DE INFRAESTRUTURA E TRANSPORTES
A9: Orçamento | C9: : 202100036007389-1/2024 | U9: Data Orçamento : 05/04/2024
A10: Descrição | C10: : ORÇAMENTO DE RECUPERAÇÃO DE PAVIMENTO EM VIAS URBANAS - PROGRAMA GOIÁS EM MOVIMENTO - MUNICÍPIOS - PEROLÂNDIA - GOIÁS
A11: Versão | C11: : ORÇAMENTO REALIZADO NA TABELA DE TERRAPLENAGEM, PAVIMENTAÇÃO E OBRAS DE ARTE ESPECIAIS - DEZEMBRO/23 - SEM DESONERAÇÃO - T233
A12: Trecho | C12: :
A13: Nat. Serviço | C13: : Obra Rodoviária
A14: Subtrecho | C14: :
A15: Extensão | C15: : 25.694,94 m2
U16: Data Base : 01/12/2023
A17: ORÇAMENTO BASE - PEROLÂNDIA | AC17: PROPOSTA PAVIMETAS
A19: Cód. Auxiliar | D19: Serviço | K19: Bdi | M19: Unid. | P19: Quantidade | V19: Preço Unitário | Z19: Total | AC19: Preço Unitário | AD19: Total
D20: PAVIMENTAÇÃO
A21: 40001 | D21: DESMATAMENTO E LIMPEZA - INCLUSO DESTOCAMENTO DE ÁRVORES COM DIÂMETROS MENORES DE 15 cm | K21: =BD!$E$4 -> 0.1109 | M21: m2 | P21: 85.65 | V21: 0.57 | Z21: 48.82 | AC21: 0.16 | AD21: =TRUNC(AC21*P21,2) -> 13.7
A22: 40305 | D22: ACABAMENTO E RECOMPOSIÇÃO DE JAZIDA | K22: =BD!$E$4 -> 0.1109 | M22: m2 | P22: 85.65 | V22: 0.42 | Z22: 35.97 | AC22: 0.14 | AD22: =TRUNC(AC22*P22,2) -> 11.99
A23: 44100 | D23: ESCAVAÇÃO E CARGA DE MATERIAL DE JAZIDA (PAV.URB.) | K23: =BD!$E$4 -> 0.1109 | M23: m3 | P23: 51.39 | V23: 8.08 | Z23: 415.23 | AC23: 2.36 | AD23: =TRUNC(AC23*P23,2) -> 121.28
A24: 44102 | D24: TRANSPORTE DE MATERIAL DE JAZIDA (CASCALHO) (PAV.URB.) | K24: =BD!$E$4 -> 0.1109 | M24: m3km | P24: 1022.62 | V24: 3.22 | Z24: 3292.83 | AC24: 0.87 | AD24: =TRUNC(AC24*P24,2) -> 889.67
A25: 44151 | D25: ESTABILIZAÇÃO SOLO-CIMENTO 2% PESO-PISTA (PAV.URB.) S/ TRANS. LOCAL DE CIMENTO | K25: =BD!$E$4 -> 0.1109 | M25: m3 | P25: 41.11 | V25: 67.61 | Z25: 2779.44 | AC25: 43.43 | AD25: =TRUNC(AC25*P25,2) -> 1785.4
A26: 44201 | D26: PINTURA DE LIGAÇÃO (PAV.URB.) | K26: =BD!$E$4 -> 0.1109 | M26: m2 | P26: 1027.78 | V26: 0.42 | Z26: 431.66 | AC26: 0.13 | AD26: =TRUNC(AC26*P26,2) -> 133.61
A27: 40425 | D27: REMOÇÃO E CARGA DE PAV. ASFÁLTICA ( EXCETO TRANSPORTE) | K27: =BD!$E$4 -> 0.1109 | M27: m3 | P27: 82.22 | V27: 9.68 | Z27: 795.88 | AC27: 3.08 | AD27: =TRUNC(AC27*P27,2) -> 253.23
A28: 40430 | D28: TRANSPORTE DE PAVIMENTO REMOVIDO | K28: =BD!$E$4 -> 0.1109 | M28: m3km | P28: 287.78 | V28: 3.29 | Z28: 946.79 | AC28: 0.89 | AD28: =TRUNC(AC28*P28,2) -> 256.12
A29: 44300 | D29: TRANSPORTE LOCAL DE MATERIAL BETUMINOSO (PAV.URB.) | K29: =BD!$E$4 -> 0.1109 | M29: TKM | P29: 1.7 | V29: 3.16 | Z29: 5.37 | AC29: 0.85 | AD29: =TRUNC(AC29*P29,2) -> 1.44
A30: 44200 | D30: IMPRIMAÇÃO (PAV.URB.) | K30: =BD!$E$4 -> 0.1109 | M30: m2 | P30: 256.94 | V30: 0.51 | Z30: 131.03 | AC30: 0.16 | AD30: =TRUNC(AC30*P30,2) -> 41.11
A31: 44205 | D31: PRÉ-MISTURADO A FRIO - PMF (PAV.URB.) | K31: =BD!$E$4 -> 0.1109 | M31: m3 | P31: 41.11 | V31: 282.1 | Z31: 11597.13 | AC31: 158.88 | AD31: =TRUNC(AC31*P31,2) -> 6531.55
A32: 44211 | D32: MICRORREVESTIMENTO À FRIO - 1,0cm S/COMP. (BC) (PAV.URB.) | K32: =BD!$E$4 -> 0.1109 | M32: m2 | P32: 51389.88 | V32: 5.3 | Z32: 272366.36 | AC32: 2.11 | AD32: =TRUNC(AC32*P32,2) -> 108432.64
... A36: 40455 | D36: TRANSPORTE COMERCIAL DE AGREGADOS | K36: =BD!$E$4 -> 0.1109 | M36: m3km | P36: 3461.53 | V36: 1.42 | Z36: 4915.37 | AC36: 0.37 | AD36: =TRUNC(AC36*P36,2) -> 1280.76
A37: 40510 | D37: FORNECIMENTO DE EMULSÃO RR-1C | K37: =BD!$F$4 -> 0.0753 | M37: T | P37: 0.51 | V37: 3289.9 | Z37: 1677.84 | AC37: 3289.9 | AD37: =TRUNC(AC37*P37,2) -> 1677.84
A38: 40500 | D38: FORNECIMENTO DE EMULSÃO RL-1C | K38: =BD!$F$4 -> 0.0753 | M38: T | P38: 7.5 | V38: 3472.38 | Z38: 26042.85 | AC38: 3472.38 | AD38: =TRUNC(AC38*P38,2) -> 26042.85
A39: 40485 | D39: FORNECIMENTO DE EMULSÃO ASFÁLTICA PARA IMPRIMAÇÃO - EAI | K39: =BD!$F$4 -> 0.0753 | M39: t | P39: 0.33 | V39: 3681.8 | Z39: 1214.99 | AC39: 2765.68 | AD39: =TRUNC(AC39*P39,2) -> 912.67
A40: 40530 | D40: TRANSPORTE COMERCIAL DE MATERIAL BETUMINOSO (DT= 386,00KM) | K40: =BD!$E$4 -> 0.1109 | M40: tkm | P40: 36946.05 | V40: 1.89 | Z40: 69828.03 | AC40: 0.51 | AD40: =TRUNC(AC40*P40,2) -> 18842.48
A41: 40511 | D41: FORNECIMENTO DE EMULSÃO RC-1C COM POLÍMERO | K41: =BD!$F$4 -> 0.0753 | M41: t | P41: 87.36 | V41: 4883.55 | Z41: 426626.92 | AC41: 4068.14 | AD41: =TRUNC(AC41*P41,2) -> 355392.71
A43: Total do Grupo : | Y43: 827008.84 | AC43: 525186.95
A46: Cód. Auxiliar | D46: Serviço | K46: Bdi | M46: Unid. | P46: Quantidade | V46: Preço Unitário | Z46: Total | AC46: Preço Unitário | AD46: Total
D47: MOBILIZAÇÃO E INSTALAÇÃO DE CANTEIRO
A48: 42301 | D48: MOBILIZAÇÃO / DESMOBILIZAÇÃO - CONFORME DEMONSTRATIVO | K48: =BD!$E$4 -> 0.1109 | M48: un | P48: 1 | V48: 67815.28 | Z48: 67815.28 | AC48: 39927.621 | AD48: =TRUNC(AC48*P48,2) -> 39927.62
A49: 42000 | D49: INSTALAÇÃO DE CANTEIRO/ ADMINISTRAÇÃO - CONFORME DEMONSTRATIVO | K49: =BD!$E$4 -> 0.1109 | M49: un | P49: 1 | V49: 120504.82 | Z49: 120504.82 | AC49: 87238.34 | AD49: =TRUNC(AC49*P49,2) -> 87238.34
A51: Total do Grupo : | Y51: 188320.1 | AC51: 127165.96
A53: Total do Orçamento : | Y53: 1015328.9 | AC53: 652352.91
A57: Discriminação - PEROLANDIA | L57: Percentual | S57: Preço | Y57: Preço/m2
A59: PAVIMENTAÇÃO | L59: =S59/$S$63 -> 0.8050657 | S59: =AC43 -> 525186.95 | Y59: =TRUNC(S59/$AE$5,2) -> 20.43
A61: MOBILIZAÇÃO E INSTALAÇÃO DE CANTEIRO | L61: =S61/$S$63 -> 0.1949343 | S61: =AC51 -> 127165.96 | Y61: =TRUNC(S61/$AE$5,2) -> 4.94
A63: Total geral | L63: =SUM(L59:R62) -> 1 | S63: =AC53 -> 652352.91 | Y63: =SUM(Y59:AA62) -> 25.37
A64: SCO - Sistema de Custos e Orçamentos
A66: _____________________________________________ PAVIMETAS ENGENHARIA LTDA CNPJ nº 07.013.955/0001-22 Karine Cardoso Coelho - Procuradora CREA nº 1019145196/D RG nº 5871522 SSP - CPF nº 700.303.011-06

Sheet ADM PEROLANDIA
A1: PROGRAMA GOIÁS EM MOVIMENTO - MUNICÍPIOS - PEROLÂNDIA - GO (T-233)
A4: ADMINISTRAÇÃO LOCAL/ INSTALAÇÕES PROVISÓRIAS
A5: MÃO DE OBRA
A6: DESCRIÇÃO | B6: UNIDADE | C6: QUANTIDADE | D6: PARTIC. MENSAL MÉDIA (%) | E6: Meses | F6: PREÇO UNITÁRIO | G6: PREÇO TOTAL
A7: DIVISÃO DE ENGENHARIA
A8: Engenheiro de Produção/ Civil | B8: mês | C8: 1 | D8: 10 | E8: 2 | F8: 19573.29 | G8: =F8*E8*C8*(D8/100) -> 3914.658
A9: Laboratorista de Betumes e Concretos | B9: mês | C9: 1 | D9: 50 | E9: 2 | F9: 5499.71 | G9: =F9*E9*C9*(D9/100) -> 5499.71
A10: Auxiliar de Laboratorista | B10: mês | C10: 1 | D10: 100 | E10: 2 | F10: 2325.77 | G10: =F10*E10*C10*(D10/100) -> 4651.54
A11: DIVISÃO DE SEGURANÇA E MEDICINA DO TRABALHO
A12: Técnico de Segurança do Trabalho | B12: mês | C12: 1 | D12: 2.5 | E12: 2 | F12: 5016.14 | G12: =F12*E12*C12*(D12/100) -> 250.807
A13: DIVISÃO ADMINISTRATIVA
A14: Encarregado Administrativo | B14: mês | C14: 1 | D14: 2.5 | E14: 2 | F14: 4233.2 | G14: =F14*E14*C14*(D14/100) -> 211.66
A16: OUTROS ITENS
A17: MANUTENÇÃO DO CANTEIRO
A18: Material de Expediente / Cópias / Impressões | B18: mês | C18: 1 | D18: 100 | E18: 2 | F18: 150 | G18: =F18*E18*C18*(D18/100) -> 300
A19: Medicamentos | B19: mês | C19: 1 | D19: 100 | E19: 2 | F19: 37.5 | G19: =F19*E19*C19*(D19/100) -> 75
A20: VEÍCULOS
A21: Veículo sedan - 71 a 115 CV | B21: mês | C21: 1 | D21: 100 | E21: 2 | F21: 2446.3125 | G21: =F21*E21*C21*(D21/100) -> 4892.625
A22: EQUIPAMENTOS DIRETOS
A23: Equipamentos de Laboratório de Betume | B23: mês | C23: 1 | D23: 100 | E23: 2 | F23: 3901.8525 | G23: =F23*E23*C23*(D23/100) -> 7803.705
A24: Caminhão prancha 30 T | B24: mês | C24: 1 | D24: 2.5 | E24: 2 | F24: 27148.44 | G24: =F24*E24*C24*(D24/100) -> 1357.422
A26: IMÓVEIS
A27: Aluguel de escritório | B27: mês | C27: 1 | D27: 100 | E27: 2 | F27: 2942.9775 | G27: =F27*E27*C27*(D27/100) -> 5885.955
A28: Aluguel de casa para alojamento | B28: mês | C28: 1 | D28: 100 | E28: 2 | F28: 4033.83 | G28: =F28*E28*C28*(D28/100) -> 8067.66
A30: MOBILIÁRIO
A31: Mobiliário de alojamento p/ pessoal | B31: mês | C31: 1 | D31: 100 | E31: 2 | F31: 458.775 | G31: =F31*E31*C31*(D31/100) -> 917.55
A32: Mobiliário de escritório | B32: mês | C32: 1 | D32: 100 | E32: 2 | F32: 4422.54 | G32: =F32*E32*C32*(D32/100) -> 8845.08
A34: SERVIÇOS TÉCNICOS
A35: PCMSO (NR-7) | B35: und | C35: 1 | F35: 281.25 | G35: =F35*C35 -> 281.25
A36: PGR (NR-18 ) | B36: und | C36: 1 | F36: 2375.0025 | G36: =F36*C36 -> 2375.0025
A37: Exames Admissionais/Demissionais | B37: und | C37: 40 | F37: 23.1225 | G37: =F37*C37 -> 924.9
A38: Anotação de Responsabilidade Técnica | B38: und | C38: 1 | F38: 196.9125 | G38: =F38*C38 -> 196.9125
A39: OUTROS
A40: Banheiro Químico | B40: und | C40: 3 | F40: 559.26 | G40: =F40*C40 -> 1677.78
A41: SINALIZAÇÃO
A42: Placa Padrão Programa Goiás em Movimento | B42: m2 | C42: 7 | F42: 315.615 | G42: =F42*C42 -> 2209.305
A43: Sinalização - placas de sinalização (desvio / pare siga) | B43: m2 | C43: 15 | F43: 315.615 | G43: =F43*C43 -> 4734.225
A44: Cones de Sinalização | B44: und | C44: 50 | F44: 77.22 | G44: =F44*C44 -> 3861
A45: LICENÇAS AMBIENTAIS
A46: Licença de Instalação de Canteiro (fixo) | B46: und | C46: 1 | F46: 4052.28 | G46: =F46*C46 -> 4052.28
A47: Licença de Instalação de Canteiro (área) | B47: m2 | C47: 1200 | F47: 0.3 | G47: =F47*C47 -> 360
A48: Licença de Instalação de Usina de PMF | B48: und | C48: 1 | F48: 5183.4 | G48: =F48*C48 -> 5183.4
K49: =J49/$J$51 -> #DIV/0!
F50: Total Geral | G50: =SUM(G8:G14,G18:G48) -> 78529.427
F51: BDI (11,09%) | G51: =G50*$H$51 -> 8708.9135 | H51: =BD!$E$4 -> 0.1109
F52: Total Geral com BDI | G52: =G50+G51 -> 87238.34
A53: _____________________________________________ PAVIMETAS ENGENHARIA LTDA CNPJ nº 07.013.955/0001-22 Karine Cardoso Coelho - Procuradora CREA nº 1019145196/D RG nº 5871522 SSP - CPF nº 700.303.011-06

Sheet MOB PEROLANDIA
A1: MOBILIZAÇÃO E DEMOSMOBILIZAÇÃO - PEROLÂNDIA
A2: Equipamento | C2: Mobilizador | D2: FU (A) | E2: Hora Produtiv (B) | F2: DT” (C) | G2: Custo (D=AxB/60) | H2: Quantidade (E) | I2: Total (CxDxE)
A3: Autopropelidos
A4: 30050 | B4: CAMINHÃO APLICADOR DE MATERIAL TERMOPLÁSTICO | C4: 30050 | D4: 1 | E4: 177.4261 | F4: 386 | G4: =TRUNC(D4*E4/60,2) -> 2.95
A5: 30037 | B5: CAMINHÃO BASCULANTE 10 M3 - 15 T | C5: 30037 | D5: 1 | E5: 109.3683 | F5: 386 | G5: =TRUNC(D5*E5/60,2) -> 1.82 | H5: 1 | I5: =TRUNC(F5*G5*H5,2) -> 702.52
A6: 30036 | B6: CAMINHÃO BASCULANTE 6 M3 - 10,5 T | C6: 30036 | D6: 1 | E6: 64.9091 | F6: 386 | G6: =TRUNC(D6*E6/60,2) -> 1.08
A7: 30035 | B7: CAMINHÃO CARROCERIA MADEIRA - 15 T | C7: 30035 | D7: 1 | E7: 247.74 | F7: 386 | G7: =TRUNC(D7*E7/60,2) -> 4.12 | H7: 1 | I7: =TRUNC(F7*G7*H7,2) -> 1590.32
A8: 30125 | B8: CAMINHÃO COM BATE ESTACAS HIDRÁULICO PARA DEFENSA | C8: 30125 | D8: 1 | E8: 103.5519 | F8: 386 | G8: =TRUNC(D8*E8/60,2) -> 1.72
A9: 30120 | B9: CAMINHÃO DISTRIBUIDOR DE CIMENTO | C9: 30120 | D9: 1 | E9: 158.767 | F9: 386 | G9: =TRUNC(D9*E9/60,2) -> 2.64
A10: 31062 | B10: CAMINHÃO MUNCK (GUINDAUTO) | C10: 31062 | D10: 1 | E10: 90.6796 | F10: 386 | G10: =TRUNC(D10*E10/60,2) -> 1.51
A11: 30053 | B11: CAMINHÃO PARA HIDROSSEMEADURA | C11: 30053 | D11: 1 | E11: 107.9031 | F11: 386 | G11: =TRUNC(D11*E11/60,2) -> 1.79
A12: 30049 | B12: CAMINHÃO PARA PINTURA A FRIO COM DEMARCADOR DE FAIXAS | C12: 30049 | D12: 1 | E12: 307.6 | F12: 386 | G12: =TRUNC(D12*E12/60,2) -> 5.12
A13: 30040 | B13: CAMINHÃO TANQUE 10.000L | C13: 30040 | D13: 1 | E13: 109.5681 | F13: 386 | G13: =TRUNC(D13*E13/60,2) -> 1.82 | H13: 1 | I13: =TRUNC(F13*G13*H13,2) -> 702.52
A14: 30039 | B14: CAMINHÃO TANQUE 6.000L | C14: 30039 | D14: 1 | E14: 83.3277 | F14: 386 | G14: =TRUNC(D14*E14/60,2) -> 1.38
A15: 30021 | B15: CAMINHÃO TANQUE DISTRIBUIDOR DE ASFALTO | C15: 30021 | D15: 1 | E15: 87.3126 | F15: 386 | G15: =TRUNC(D15*E15/60,2) -> 1.45 | H15: 1 | I15: =TRUNC(F15*G15*H15,2) -> 559.7
A16: 30030 | B16: USINA MÓVEL PARA MICRO REVESTIMENTO | C16: 30030 | D16: 1 | E16: 227.2577 | F16: 386 | G16: =TRUNC(D16*E16/60,2) -> 3.78 | H16: 1 | I16: =TRUNC(F16*G16*H16,2) -> 1459.08
A17: Rebocados
A18: 30010 | B18: CARREGADEIRA DE PNEUS CAT - 924 H OU EQUIVALENTE | C18: 30105 | D18: 0.5 | E18: 285.795 | F18: 386 | G18: =TRUNC(D18*E18/60,2) -> 2.38 | H18: 1 | I18: =TRUNC(F18*G18*H18,2) -> 918.68
A19: 30007 | B19: CARREGADEIRA DE PNEUS CAT - 950 H OU EQUIVALENTE | C19: 30105 | D19: 0.5 | E19: 285.795 | F19: 386 | G19: =TRUNC(D19*E19/60,2) -> 2.38
A20: 30011 | B20: ESCAVADEIRA HIDRÁULICA - 320DL OU EQUIVALENTE | C20: 30105 | D20: 1 | E20: 285.795 | F20: 386 | G20: =TRUNC(D20*E20/60,2) -> 4.76
A21: 30057 | B21: ESCAVADEIRA HIDRÁULICA - CAT 323DL OU EQUIVALENTE | C21: 30105 | D21: 1 | E21: 285.795 | F21: 386 | G21: =TRUNC(D21*E21/60,2) -> 4.76
A22: 30019 | B22: FRESADORA A FRIO - W 200 F OU EQUIVALENTE | C22: 30105 | D22: 1 | E22: 285.795 | F22: 386 | G22: =TRUNC(D22*E22/60,2) -> 4.76
A23: 30158 | B23: MINI-CARREGADEIRA DE PNEUS COM FRESADORA | C23: 30105 | D23: 0.33 | E23: 285.795 | F23: 386 | G23: =TRUNC(D23*E23/60,2) -> 1.57
A24: 30058 | B24: MINI-CARREGADEIRA DE PNEUS COM VASSOURA DE 1,8 m | C24: 30105 | D24: 0.33 | E24: 285.795 | F24: 386 | G24: =TRUNC(D24*E24/60,2) -> 1.57
A25: 30046 | B25: MOTONIVELADORA - CAT 120K OU EQUIVALENTE | C25: 30105 | D25: 1 | E25: 285.795 | F25: 386 | G25: =TRUNC(D25*E25/60,2) -> 4.76 | H25: 1 | I25: =TRUNC(F25*G25*H25,2) -> 1837.36
A26: 30029 | B26: PERFURATRIZ SOBRE ESTEIRAS - CRAWLER DRILL OU EQUIVALENTE | C26: 30105 | D26: 0.5 | E26: 285.795 | F26: 386 | G26: =TRUNC(D26*E26/60,2) -> 2.38
A27: 30101 | B27: RECICLADORA DE PAVIMENTO À FRIO - CATERPILLAR RM-500 OU EQUIVALENTE | C27: 30105 | D27: 1 | E27: 285.795 | F27: 386 | G27: =TRUNC(D27*E27/60,2) -> 4.76
A28: 30008 | B28: RETRO ESCAVADEIRA DE PNEUS - CATERPILLAR 416E OU EQUIVALENTE | C28: 30105 | D28: 0.5 | E28: 285.795 | F28: 386 | G28: =TRUNC(D28*E28/60,2) -> 2.38
A29: 30015 | B29: ROLO COMPACTADOR DE PNEUS AUTOPROPELIDO - 27 T | C29: 30105 | D29: 0.5 | E29: 285.795 | F29: 386 | G29: =TRUNC(D29*E29/60,2) -> 2.38 | H29: 1 | I29: =TRUNC(F29*G29*H29,2) -> 918.68
A30: 30012 | B30: ROLO LISO TANDEN - 6/8 T - CA-150 OU EQUIVALENTE | C30: 30105 | D30: 0.5 | E30: 285.795 | F30: 386 | G30: =TRUNC(D30*E30/60,2) -> 2.38 | H30: 1 | I30: =TRUNC(F30*G30*H30,2) -> 918.68
A31: 30014 | B31: ROLO LISO VIBRATORIO AUTOPROPELIDO - CS533 E OU EQUIVALENTE | C31: 30105 | D31: 0.5 | E31: 285.795 | F31: 386 | G31: =TRUNC(D31*E31/60,2) -> 2.38
A32: 30009 | B32: ROLO PÉ DE CARNEIRO AUTOPROPELIDO - CA 250 OU EQUIVALENTE | C32: 30105 | D32: 0.5 | E32: 285.795 | F32: 386 | G32: =TRUNC(D32*E32/60,2) -> 2.38 | H32: 1 | I32: =TRUNC(F32*G32*H32,2) -> 918.68
A33: 30020 | B33: TANQUE DE ESTOCAGEM ASFALTO (30.000L) | C33: 30105 | D33: 1 | E33: 285.795 | F33: 386 | G33: =TRUNC(D33*E33/60,2) -> 4.76 | H33: 1 | I33: =TRUNC(F33*G33*H33,2) -> 1837.36
A34: 30005 | B34: TRATOR DE PNEUS AGRÍCOLA - MF 4292 OU EQUIVALENTE | C34: 30105 | D34: 0.5 | E34: 285.795 | F34: 386 | G34: =TRUNC(D34*E34/60,2) -> 2.38 | H34: 1 | I34: =TRUNC(F34*G34*H34,2) -> 918.68
A35: 30006 | B35: TRATOR DE PNEUS COM ROÇADEIRA | C35: 30105 | D35: 0.5 | E35: 285.795 | F35: 386 | G35: =TRUNC(D35*E35/60,2) -> 2.38
A36: 30001 | B36: TRATOR ESTEIRAS COM LÃMINA - CAT D8 OU EQUIVALENTE | C36: 30105 | D36: 1 | E36: 285.795 | F36: 386 | G36: =TRUNC(D36*E36/60,2) -> 4.76 | H36: 1 | I36: =TRUNC(F36*G36*H36,2) -> 1837.36
A37: 30002 | B37: TRATOR ESTEIRAS COM ESCARIFICADOR - CAT D8 OU EQUIVALENTE | C37: 30105 | D37: 1 | E37: 285.795 | F37: 386 | G37: =TRUNC(D37*E37/60,2) -> 4.76
A38: 30059 | B38: TRATOR ESTEIRAS COM LAMINA - CAT D4 OU EQUIVALENTE | C38: 30105 | D38: 0.5 | E38: 285.795 | F38: 386 | G38: =TRUNC(D38*E38/60,2) -> 2.38
A39: 30000 | B39: TRATOR ESTEIRAS COM LAMINA - CAT D6 OU EQUIVALENTE | C39: 30105 | D39: 0.5 | E39: 285.795 | F39: 386 | G39: =TRUNC(D39*E39/60,2) -> 2.38
A40: 30025 | B40: USINA DE ASFALTO A QUENTE 80 t/h | C40: 30105 | D40: 3 | E40: 285.795 | F40: 386 | G40: =TRUNC(D40*E40/60,2) -> 14.28
A41: 30016 | B41: USINA MISTURADORA DE SOLO 300 t/h | C41: 30105 | D41: 2 | E41: 285.795 | F41: 386 | G41: =TRUNC(D41*E41/60,2) -> 9.52
A42: 30024 | B42: USINA PRÉ-MISTURADO A FRIO 60 t/h | C42: 30105 | D42: 1 | E42: 285.795 | F42: 386 | G42: =TRUNC(D42*E42/60,2) -> 4.76 | H42: 1 | I42: =TRUNC(F42*G42*H42,2) -> 1837.36
A43: 30023 | B43: VIBROACABADORA DE ASFALTO SOBRE ESTEIRAS | C43: 30105 | D43: 0.5 | E43: 285.795 | F43: 386 | G43: =TRUNC(D43*E43/60,2) -> 2.38 | H43: 1 | I43: =TRUNC(F43*G43*H43,2) -> 918.68
A44: Sub Total de Equipamento (F) | I44: =SUM(I5:I16)+SUM(I18:I43) -> 17875.66
B45: Mão de Obra | F45: Percentual | G45: Custo | H45: Total de | I45: Total
F46: mobilizado (G) | G46: (H) | H46: operários (I) | I46: (GxHxI)
A47: I | B47: EFETIVO PESSOAL A SER MOBILIZADO | F47: 0.3 | G47: 105.76 | H47: 3 | I47: =H47*G47*F47 -> 95.184
A48: Sub Total de Mão de Obra (J) | I48: =I47 -> 95.184
A49: Custo por Mobilização (K=F+J) : | I49: =I48+I44 -> 17970.844
A50: BDI 11,09% (L) : | I50: =J50*I49 -> 1992.9666 | J50: =BD!$E$4 -> 0.1109
A51: Preço por Mobilização (M=K+L) : | I51: =I50+I49 -> 19963.811
A52: Total Mobilização / Desmobilização (2xM) : | I52: =I51*2 -> 39927.621
A53: _____________________________________________ PAVIMETAS ENGENHARIA LTDA CNPJ nº 07.013.955/0001-22 Karine Cardoso Coelho - Procuradora CREA nº 1019145196/D RG nº 5871522 SSP - CPF nº 700.303.011-06

Sheet CPU
A1: Composições Analíticas com Preço Unitário
A3: Composições Principais
A4: 1.1 | B4: Código | C4: Banco | D4: Descrição | E4: Tipo | G4: Und | H4: Quant. | J4: Total
A5: Composição | B5: 40001 | C5: AGETOP RODOVIARIA | D5: DESMATAMENTO E LIMPEZA - INCLUSO DESTOCAMENTO DE ÁRVORES COM DIÂMETROS MENORES DE 15 cm | E5: 4000 | G5: m² | H5: 1 | I5: 0.16 | J5: 0.16
A6: A | B6: Código | C6: Banco | D6: Equipamentos | E6: Quantidade | F6: Utilização | H6: Custo Operacional | J6: Custo Horário
F7: Operativa | G7: Improdutiva | H7: Operativa | I7: Improdutiva
A8: Insumo | B8: 30001 | C8: AGETOP RODOVIARIA | D8: TRATOR ESTEIRAS COM LÂMINA - CAT D8 OU EQUIVALENTE | E8: 1 | F8: 1 | G8: 0 | H8: 257.4423 | I8: 82.2621 | J8: 257.44
F9: Custo Horário de Equipamentos => | J9: 257.44
A10: B | B10: Código | C10: Banco | D10: Mão de Obra | E10: Quantidade | F10: Salário Hora | J10: Custo Horário
A11: Insumo | B11: 20002 | C11: AGETOP RODOVIARIA | D11: ENCARREGADO DE SERVIÇO | E11: 0.4 | I11: 24.06 | J11: 9.62
A12: Insumo | B12: 20031 | C12: AGETOP RODOVIARIA | D12: SERVENTE | E12: 2 | I12: 13.57 | J12: 27.14
F13: Custo Horário da Mão de Obra => | J13: 36.76
F14: Adc.M.O. - Ferramentas (0,0%) => | J14: 0
A15: B | B15: Código | C15: Banco | D15: Item de Incidência | I15: Custo Horário | J15: Custo Horário Total
A16: Insumo | B16: 12 | C16: AGETOP RODOVIARIA | D16: ALIMENTAÇÃO | I16: 0.096 | J16: 3.52
A17: Insumo | B17: 11 | C17: AGETOP RODOVIARIA | D17: EPI | I17: 0.0112 | J17: 0.41
A18: Insumo | B18: 14 | C18: AGETOP RODOVIARIA | D18: FERRAMENTAS MANUAIS | I18: 0.05 | J18: 1.83
A19: Insumo | B19: 13 | C19: AGETOP RODOVIARIA | D19: TRANSPORTE DE PESSOAL | I19: 0.0479 | J19: 1.76
F20: Custo horário total de itens de incidência => | J20: 7.52
F21: Custo Horário de Execução => | J21: 301.72
F22: Fator de Influencia da Chuva - FIC => | J22: 0
F23: Custo do FIC => | J23: 0
F24: Produção de Equipe => | J24: 1916.1375
F25: Custo Unitário de Execução => | J25: 0.15
E26: MO sem LS => | F26: 0.023983143 | G26: LS => | H26: 0 | I26: MO com LS => | J26: 0.023983143
E27: Valor do BDI => | F27: 0.01 | H27: Valor com BDI => | J27: 0.16
A29: 1.2 | B29: Código | C29: Banco | D29: Descrição | E29: Tipo | G29: Und | H29: Quant. | I29: Valor Unit | J29: Total
A30: Composição | B30: 40305 | C30: AGETOP RODOVIARIA | D30: ACABAMENTO E RECOMPOSIÇÃO DE JAZIDA | E30: 4030 | G30: m² | H30: 1 | I30: 0.14 | J30: 0.14
A31: A | B31: Código | C31: Banco | D31: Equipamentos | E31: Quantidade | F31: Utilização | H31: Custo Operacional | J31: Custo Horário
F32: Operativa | G32: Improdutiva | H32: Operativa | I32: Improdutiva
A33: Insumo | B33: 30000 | C33: AGETOP RODOVIARIA | D33: TRATOR ESTEIRAS COM LAMINA - CAT D6 OU EQUIVALENTE | E33: 1 | F33: 1 | G33: 0 | H33: 97.8465 | I33: 34.0252 | J33: 97.84
F34: Custo Horário de Equipamentos => | J34: 97.84
A35: B | B35: Código | C35: Banco | D35: Mão de Obra | E35: Quantidade | F35: Salário Hora | J35: Custo Horário
A36: Insumo | B36: 20003 | C36: AGETOP RODOVIARIA | D36: AJUDANTE | E36: 2 | I36: 14.86 | J36: 29.72
A37: Insumo | B37: 20002 | C37: AGETOP RODOVIARIA | D37: ENCARREGADO DE SERVIÇO | E37: 0.5 | I37: 24.06 | J37: 12.03
F38: Custo Horário da Mão de Obra => | J38: 41.75
F39: Adc.M.O. - Ferramentas (0,0%) => | J39: 0
A40: B | B40: Código | C40: Banco | D40: Item de Incidência | I40: Custo Horário | J40: Custo Horário Total
A41: Insumo | B41: 12 | C41: AGETOP RODOVIARIA | D41: ALIMENTAÇÃO | I41: 0.096 | J41: 4
A42: Insumo | B42: 11 | C42: AGETOP RODOVIARIA | D42: EPI | I42: 0.0112 | J42: 0.46
A43: Insumo | B43: 13 | C43: AGETOP RODOVIARIA | D43: TRANSPORTE DE PESSOAL | I43: 0.0479 | J43: 1.99
F44: Custo horário total de itens de incidência => | J44: 6.45
F45: Custo Horário de Execução => | J45: 146.04
F46: Fator de Influencia da Chuva - FIC => | J46: 0
F47: Custo do FIC => | J47: 0
F48: Produção de Equipe => | J48: 1087.5
F49: Custo Unitário de Execução => | J49: 0.13
E50: MO sem LS => | F50: 0.047988506 | G50: LS => | H50: 0 | I50: MO com LS => | J50: 0.047988506
E51: Valor do BDI => | F51: 0.01 | H51: Valor com BDI => | J51: 0.14
A53: 1.3 | B53: Código | C53: Banco | D53: Descrição | E53: Tipo | G53: Und | H53: Quant. | I53: Valor Unit | J53: Total
A54: Composição | B54: 44100 | C54: AGETOP RODOVIARIA | D54: ESCAVAÇÃO E CARGA DE MATERIAL DE JAZIDA (PAV.URB.) | E54: 4410 | G54: m³ | H54: 1 | I54: 2.36 | J54: 2.36
A55: A | B55: Código | C55: Banco | D55: Equipamentos | E55: Quantidade | F55: Utilização | H55: Custo Operacional | J55: Custo Horário
F56: Operativa | G56: Improdutiva | H56: Operativa | I56: Improdutiva
A57: Insumo | B57: 30007 | C57: AGETOP RODOVIARIA | D57: CARREGADEIRA DE PNEUS CAT - 950 H OU EQUIVALENTE | E57: 1 | F57: 0.77 | G57: 0.23 | H57: 154.1901 | I57: 65.4937 | J57: 133.78
A58: Insumo | B58: 30001 | C58: AGETOP RODOVIARIA | D58: TRATOR ESTEIRAS COM LÂMINA - CAT D8 OU EQUIVALENTE | E58: 1 | F58: 1 | G58: 0 | H58: 257.4423 | I58: 82.2621 | J58: 257.44
F59: Custo Horário de Equipamentos => | J59: 391.22
A60: B | B60: Código | C60: Banco | D60: Mão de Obra | E60: Quantidade | F60: Salário Hora | J60: Custo Horário
A61: Insumo | B61: 20003 | C61: AGETOP RODOVIARIA | D61: AJUDANTE | E61: 2 | I61: 14.86 | J61: 29.72
A62: Insumo | B62: 20002 | C62: AGETOP RODOVIARIA | D62: ENCARREGADO DE SERVIÇO | E62: 0.5 | I62: 24.06 | J62: 12.03
F63: Custo Horário da Mão de Obra => | J63: 41.75
F64: Adc.M.O. - Ferramentas (0,0%) => | J64: 0
A65: B | B65: Código | C65: Banco | D65: Item de Incidência | I65: Custo Horário | J65: Custo Horário Total
A66: Insumo | B66: 12 | C66: AGETOP RODOVIARIA | D66: ALIMENTAÇÃO | I66: 0.096 | J66: 4
A67: Insumo | B67: 11 | C67: AGETOP RODOVIARIA | D67: EPI | I67: 0.0112 | J67: 0.46
A68: Insumo | B68: 13 | C68: AGETOP RODOVIARIA | D68: TRANSPORTE DE PESSOAL | I68: 0.0479 | J68: 1.99
F69: Custo horário total de itens de incidência => | J69: 6.45
F70: Custo Horário de Execução => | J70: 439.42
F71: Fator de Influencia da Chuva - FIC => | J71: 0
F72: Custo do FIC => | J72: 0
F73: Produção de Equipe => | J73: 206.25
F74: Custo Unitário de Execução => | J74: 2.13
E75: MO sem LS => | F75: 0.2530303 | G75: LS => | H75: 0 | I75: MO com LS => | J75: 0.2530303
E76: Valor do BDI => | F76: 0.23 | H76: Valor com BDI => | J76: 2.36
A78: 1.4 | B78: Código | C78: Banco | D78: Descrição | E78: Tipo | G78: Und | H78: Quant. | I78: Valor Unit | J78: Total
A79: Composição | B79: 44102 | C79: AGETOP RODOVIARIA | D79: TRANSPORTE DE MATERIAL DE JAZIDA (CASCALHO) (PAV.URB.) | E79: 4410 | G79: m3km | H79: 1 | I79: 0.87 | J79: 0.87
A80: A | B80: Código | C80: Banco | D80: Equipamentos | E80: Quantidade | F80: Utilização | H80: Custo Operacional | J80: Custo Horário
F81: Operativa | G81: Improdutiva | H81: Operativa | I81: Improdutiva
A82: Insumo | B82: 30037 | C82: AGETOP RODOVIARIA | D82: CAMINHÃO BASCULANTE 10 M3 - 15 T | E82: 1 | F82: 1 | G82: 0 | H82: 109.3683 | I82: 23.7799 | J82: 109.36
F83: Custo Horário de Equipamentos => | J83: 109.36
F84: Custo Horário de Execução => | J84: 109.36
F85: Fator de Influencia da Chuva - FIC => | J85: 0
F86: Custo do FIC => | J86: 0
F87: Produção de Equipe => | J87: 138.35
F88: Custo Unitário de Execução => | J88: 0.79
E89: MO sem LS => | F89: 0 | G89: LS => | H89: 0 | I89: MO com LS => | J89: 0
E90: Valor do BDI => | F90: 0.08 | H90: Valor com BDI => | J90: 0.87
A92: 1.5 | B92: Código | C92: Banco | D92: Descrição | E92: Tipo | G92: Und | H92: Quant. | I92: Valor Unit | J92: Total
A93: Composição | B93: 44151 | C93: AGETOP RODOVIARIA | D93: ESTABILIZAÇÃO SOLO-CIMENTO 2% PESO-PISTA (PAV.URB.) S/ TRANS. LOCAL DE CIMENTO | E93: 4415 | G93: m³ | H93: 1 | I93: 43.43 | J93: 43.43
A94: A | B94: Código | C94: Banco | D94: Equipamentos | E94: Quantidade | F94: Utilização | H94: Custo Operacional | J94: Custo Horário
F95: Operativa | G95: Improdutiva | H95: Operativa | I95: Improdutiva
A96: Insumo | B96: 30035 | C96: AGETOP RODOVIARIA | D96: CAMINHÃO CARROCERIA MADEIRA - 15 T | E96: 0.3333 | F96: 1 | G96: 0 | H96: 247.74 | I96: 52.04 | J96: 82.57
A97: Insumo | B97: 30040 | C97: AGETOP RODOVIARIA | D97: CAMINHÃO TANQUE 10.000L | E97: 1 | F97: 0.6 | G97: 0.4 | H97: 109.5681 | I97: 20.1613 | J97: 73.8
A98: Insumo | B98: 30013 | C98: AGETOP RODOVIARIA | D98: GRADE DE DISCO - 24X24 | E98: 1 | F98: 0.56 | G98: 0.44 | H98: 1.4763 | I98: 0.9509 | J98: 1.24
A99: Insumo | B99: 30046 | C99: AGETOP RODOVIARIA | D99: MOTONIVELADORA - CAT 120K OU EQUIVALENTE | E99: 1 | F99: 0.92 | G99: 0.08 | H99: 98.4163 | I99: 37.2109 | J99: 93.51
A100: Insumo | B100: 30015 | C100: AGETOP RODOVIARIA | D100: ROLO COMPACTADOR DE PNEUS AUTOPROPELIDO - 27 T | E100: 1 | F100: 0.14 | G100: 0.86 | H100: 87.394 | I100: 38.2876 | J100: 45.16
A101: Insumo | B101: 30009 | C101: AGETOP RODOVIARIA | D101: ROLO PÉ DE CARNEIRO AUTOPROPELIDO - CA 250 OU EQUIVALENTE | E101: 1 | F101: 1 | G101: 0 | H101: 76.1719 | I101: 30.5102 | J101: 76.17
A102: Insumo | B102: 30005 | C102: AGETOP RODOVIARIA | D102: TRATOR DE PNEUS AGRÍCOLA - MF 4292 OU EQUIVALENTE | E102: 1 | F102: 0.56 | G102: 0.44 | H102: 50.3866 | I102: 14.8925 | J102: 34.76
F103: Custo Horário de Equipamentos => | J103: 407.21
A104: B | B104: Código | C104: Banco | D104: Mão de Obra | E104: Quantidade | F104: Salário Hora | J104: Custo Horário
A105: Insumo | B105: 20003 | C105: AGETOP RODOVIARIA | D105: AJUDANTE | E105: 12 | I105: 14.86 | J105: 178.32
...

Sheet CRONOGRAMA CONSOLIDADO
A1: PROGRAMA GOIÁS EM MOVIMENTO - EIXO MUNICÍPIOS 2024
A4: CRONOGRAMA FÍSICO FINANCEIRO CONSOLIDADO LOTE 67
A5: ITEM | B5: MUNICÍPIOS | C5: SERVIÇOS | D5: TOTAIS | E5: 1º mês | G5: 2º mês | I5: 3º mês | K5: 4º mês | M5: 5º mês
E6: 15 dias | F6: 30 dias | G6: 45 dias | H6: 60 dias | I6: 75 dias | J6: 90 dias | K6: 105 dias | L6: 120 dias | M6: 135 dias | N6: 150 dias
A7: 1 | B7: =VLOOKUP(A7,'ORÇAMENTO CONSOLIDADO'!$B$28:$D$48,2,FALSE) -> CACHOEIRA ALTA | D7: =IFERROR((D11/$D$31),"0,00%") -> 0.24910681 | E7: 0.25 | F7: 0.25 | G7: 0.3 | H7: 0.2 | I7: 0 | J7: 0 | K7: 0 | L7: 0 | M7: 0 | N7: 0 | O7: =SUM(E7:N7) -> 1
C8: PAVIMENTAÇÃO
C9: SERVIÇOS COMPLEMENTARES
C10: MOBILIZAÇÃO E INST. CANTEIRO
D11: =VLOOKUP(A7,'ORÇAMENTO CONSOLIDADO'!$B$27:$D$59,3,FALSE) -> 655895.73 | E11: =$D11*E7 -> 163973.93 | F11: =$D11*F7 -> 163973.93 | G11: =$D11*G7 -> 196768.72 | H11: =$D11*H7 -> 131179.15 | I11: =$D11*I7 -> 0 | J11: =$D11*J7 -> 0 | K11: =$D11*K7 -> 0 | L11: =$D11*L7 -> 0 | ... N11: =$D11*N7 -> 0
A12: 2 | B12: =VLOOKUP(A12,'ORÇAMENTO CONSOLIDADO'!$B$28:$D$48,2,FALSE) -> PARANAIGUARA | D12: =IFERROR(D16/$D$31,"0,00%") -> 0.24043817 | F12: 0.25 | G12: 0.25 | H12: 0.3 | I12: 0.2 | J12: 0 | K12: 0 | L12: 0 | M12: 0 | N12: 0 | O12: =SUM(E12:N12) -> 1
C13: PAVIMENTAÇÃO
C14: SERVIÇOS COMPLEMENTARES
C15: MOBILIZAÇÃO E INST. CANTEIRO
D16: =VLOOKUP(A12,'ORÇAMENTO CONSOLIDADO'!$B$27:$D$59,3,FALSE) -> 633071.28 | E16: =$D16*E12 -> 0 | F16: =$D16*F12 -> 158267.82 | G16: =$D16*G12 -> 158267.82 | H16: =$D16*H12 -> 189921.38 | I16: =$D16*I12 -> 126614.26 | J16: =$D16*J12 -> 0 | K16: =$D16*K12 -> 0 | L16: =$D16*L12 -> 0 | ... N16: =$D16*N12 -> 0
A17: 3 | B17: =VLOOKUP(A17,'ORÇAMENTO CONSOLIDADO'!$B$28:$D$48,2,FALSE) -> PEROLÂNDIA | D17: =IFERROR(D21/$D$31,"0,00%") -> 0.24776126 | E17: 0 | F17: 0 | G17: 0 | H17: 0 | J17: 0.25 | K17: 0.25 | L17: 0.3 | M17: 0.2 | N17: 0 | O17: =SUM(E17:N17) -> 1
C18: PAVIMENTAÇÃO
C19: SERVIÇOS COMPLEMENTARES
C20: MOBILIZAÇÃO E INST. CANTEIRO
D21: =VLOOKUP(A17,'ORÇAMENTO CONSOLIDADO'!$B$27:$D$59,3,FALSE) -> 652352.91 | E21: =$D21*E17 -> 0 | F21: =$D21*F17 -> 0 | G21: =$D21*G17 -> 0 | H21: =$D21*H17 -> 0 | I21: =$D21*I17 -> 0 | J21: =$D21*J17 -> 163088.23 | K21: =$D21*K17 -> 163088.23 | L21: =$D21*L17 -> 195705.87 | ... N21: =$D21*N17 -> 0
A22: 4 | B22: =VLOOKUP(A22,'ORÇAMENTO CONSOLIDADO'!$B$28:$D$48,2,FALSE) -> SANTA RITA DO ARAGUAIA | D22: =IFERROR(D26/$D$31,"0,00%") -> 0.26269375 | E22: 0 | F22: 0 | G22: 0 | H22: 0 | K22: 0.25 | L22: 0.25 | M22: 0.3 | N22: 0.2 | O22: =SUM(E22:N22) -> 1
C23: PAVIMENTAÇÃO
C24: SERVIÇOS COMPLEMENTARES
C25: MOBILIZAÇÃO E INST. CANTEIRO
D26: =VLOOKUP(A22,'ORÇAMENTO CONSOLIDADO'!$B$27:$D$59,3,FALSE) -> 691670.01 | E26: =$D26*E22 -> 0 | F26: =$D26*F22 -> 0 | G26: =$D26*G22 -> 0 | H26: =$D26*H22 -> 0 | I26: =$D26*I22 -> 0 | J26: =$D26*J22 -> 0 | K26: =$D26*K22 -> 172917.5 | L26: =$D26*L22 -> 172917.5 | ... N26: =$D26*N22 -> 138334
A28: PERCENTUAL GLOBAL SIMPLES | E28: =IFERROR(E30/$D$31,"0,00%") -> 0.062276703 | F28: =IFERROR(F30/$D$31,"0,00%") -> 0.12238625 | G28: =IFERROR(G30/$D$31,"0,00%") -> 0.13484159 | H28: =IFERROR(H30/$D$31,"0,00%") -> 0.12195281 | I28: =IFERROR(I30/$D$31,"0,00%") -> 0.048087634 | J28: =IFERROR(J30/$D$31,"0,00%") -> 0.061940316 | K28: =IFERROR(K30/$D$31,"0,00%") -> 0.12761375 | L28: =IFERROR(L30/$D$31,"0,00%") -> 0.14000182 | ... N28: =IFERROR(N30/$D$31,"0,00%") -> 0.052538751
A29: PERCENTUAL GLOBAL ACUM. | D29: =SUM(D7+D12+D17+D22) -> 1 | E29: =E28 -> 0.062276703 | F29: =E29+F28 -> 0.18466295 | G29: =F29+G28 -> 0.31950454 | H29: =G29+H28 -> 0.44145735 | I29: =H29+I28 -> 0.48954498 | J29: =I29+J28 -> 0.5514853 | K29: =J29+K28 -> 0.67909905 | L29: =K29+L28 -> 0.81910087 | M29: =L29+M28 -> 0.94746125 | N29: =M29+N28 -> 1
A30: VALOR SIMPLES | E30: =SUM(E11+E16+E21+E26) -> 163973.93 | F30: =SUM(F11+F16+F21+F26) -> 322241.75 | G30: =SUM(G11+G16+G21+G26) -> 355036.54 | H30: =SUM(H11+H16+H21+H26) -> 321100.53 | I30: =SUM(I11+I16+I21+I26) -> 126614.26 | J30: =SUM(J11+J16+J21+J26) -> 163088.23 | K30: =SUM(K11+K16+K21+K26) -> 336005.73 | L30: =SUM(L11+L16+L21+L26) -> 368623.38 | ... N30: =SUM(N11+N16+N21+N26) -> 138334
A31: VALOR ACUMULADO | D31: =SUM(D11+D16+D21+D26) -> 2632989.9 | E31: =E30 -> 163973.93 | F31: =E31+F30 -> 486215.68 | G31: =F31+G30 -> 841252.22 | H31: =G31+H30 -> 1162352.8 | I31: =H31+I30 -> 1288967 | J31: =I31+J30 -> 1452055.2 | K31: =J31+K30 -> 1788061 | L31: =K31+L30 -> 2156684.3 | M31: =L31+M30 -> 2494655.9 | N31: =M31+N30 -> 2632989.9 | O31: ='ORÇAMENTO CONSOLIDADO'!D28 -> 2632989.9
A34: _____________________________________________ PAVIMETAS ENGENHARIA LTDA CNPJ nº 07.013.955/0001-22 Karine Cardoso Coelho - Procuradora CREA nº 1019145196/D RG nº 5871522 SSP - CPF nº 700.303.011-06

Sheet B.D.I
A1: À
A2: AGÊNCIA GOIANA DE INFRAESTRUTURA E TRANSPORTES – GOINFRA
A3: COMISSÃO PERMANENTE DE LICITAÇÃO
A4: REF.: CONCORRÊNCIA ELETRÔNICA Nº028/2024, 16 DE SETEMBRO DE 2024 ÁS 09:00H
A5: OBJETO: Serviços de execução conservação preventi va de pavimentos asfálti cos, a serem prestados nos municípios que compõeo LOTE 67 do programa Goiás em movimento – eixo municípios (Cachoeira Alta, Paranaiguara, Perolândia e Santa Rita do Araguaia), no Estado deGoiás.
A6: EMPRESA: PAVIMETAS ENGENHARIA LTDA - CNPJ: 07.013.955/0001-22
A8: COMPOSIÇÃO DE BDI
A10: COMPOSIÇÃO DE BDI 11,09% | H10: Tributos (I)
A11: BDI | C11: Admin. central (AC) | D11: Seguro e Garantia (S e G) | E11: Riscos (R ) | F11: Despesas Financeiras (DF) | G11: Lucro (L) | H11: ISS | I11: PIS | J11: COFINS | K11: CPRB | L11: Resultado (*)
C12: 0.011 | D12: 0.0011 | E12: 0.0056 | F12: 0.0083 | G12: 0.016 | H12: 0.025 | I12: 0.0065 | J12: 0.03 | K12: 0 | L12: =((1+C12+D12+E12)*(1+F12)*(1+G12)/(1-M12))-1 -> 0.11088467 | M12: =H12+I12+J12+K12 -> 0.0615
A14: COMPOSIÇÃO DE BDI 07,53% - REDUZIDO | H14: Tributos (I)
A15: BDI | C15: Admin. central (AC) | D15: Seguro e Garantia (S e G) | E15: Riscos (R ) | F15: Despesas Financeiras (DF) | G15: Lucro (L) | H15: ISS | I15: PIS | J15: COFINS | K15: CPRB | L15: Resultado (*)
C16: 0.011 | D16: 0.0005 | E16: 0.0033 | F16: 0.0049 | G16: 0.016 | H16: 0 | I16: 0.0065 | J16: 0.03 | K16: 0 | L16: =((1+C16+D16+E16)*(1+F16)*(1+G16)/(1-M16))-1 -> 0.075338744 | M16: =H16+I16+J16+K16 -> 0.0365
A19: (1) Valor adotado e praticado no mercado
A20: (2) Valores definidos a partir dos limites no Acórdão nº 2.622/2013 - TCU – Plenário. Valores médios
A21: (3) Valor calculado pela expressão matemática do DNIT: DF = [(1+SELIC)^(1/12)-1] sobre (PV – Lucro)
A22: (4) Valores relativos aos seguros de Risco de Engenharia e Responsabilidade Civil do Profissional foram excluídos conforme Portaria nº 449/2015. Garantia calculada com a média do percentual do seguro-garantia (Acórdão nº 2.622/2013 – TCU) e do dinheiro (0%). Seguro de Vida em Grupo calculado pela média histórica de obras Civis (não compõe o BDI reduzido).
A24: (5) Valores definidos a partir dos limites no Acórdão nº 2.622/2013 - TCU – Plenário. Valores médios.
A25: (6) Valor médio utilizado pelo DNIT.
A26: (7) Alíquota definida por lei (lucro presumido).
A27: (9) Alíquota definida pela lei 13.161/15 (CPRB – contribuição previdenciária sobre a receita bruta).
A28: (*) A fórmula para estipulação da taxa de BDI estimado adotado é a mesma que foi aplicada para a obtenção das tabelas contidas no Acórdão nº 2.622/2013 – TCU – Plenário
A30: TAXA DE RATEIO DA ADMINISTRAÇÃO CENTRAL | E30: AC
A31: TAXA DE SEGURO E GARANTIA DO EMPREENDIMENTO | E31: S+G
A32: TAXA DE RISCO | E32: R
A33: TAXA DE DESPESAS FINANCEIRAS | E33: DF
A34: TAXA DE LUCRO | E34: L
A35: COFINS E PIS | E35: CP
A36: CONTRIBUIÇÃO PREVIDENCIÁRIA SOBRE A RECEITA BRUTA | E36: CRPB

Sheet ENCARGOS
A1: À
A2: AGÊNCIA GOIANA DE INFRAESTRUTURA E TRANSPORTES – GOINFRA
A3: COMISSÃO PERMANENTE DE LICITAÇÃO
A4: REF.: CONCORRÊNCIA ELETRÔNICA Nº028/2024, 16 DE SETEMBRO DE 2024 ÁS 09:00H
A5: OBJETO: Serviços de execução conservação preventi va de pavimentos asfálti cos, a serem prestados nos municípios que compõeo LOTE 67 do programa Goiás em movimento – eixo municípios (Cachoeira Alta, Paranaiguara, Perolândia e Santa Rita do Araguaia), no Estado deGoiás.
A6: EMPRESA: PAVIMETAS ENGENHARIA LTDA - CNPJ: 07.013.955/0001-22
A8: ENCARGOS SOCIAIS
A9: ENCARGOS SOCIAIS – HORISTAS
A10: A | B10: ENCARGOS SOCIAIS BÁSICOS
A11: A1 | B11: INSS | D11: 0.2
A12: A2 | B12: FGTS | D12: 0.08
A13: A3 | B13: SESI | D13: 0.015
A14: A4 | B14: SENAI | D14: 0.01
A15: A5 | B15: INCRA | D15: 0.002
A16: A6 | B16: Salário Educação | D16: 0.025
A17: A7 | B17: Seguro contra acidente de trabalho INSS | D17: 0.03
A18: A8 | B18: SEBRAE | D18: 0.006
A19: A9 | B19: SECONCI | D19: 0.01
A20: B | B20: ENCARGOS TRABALISTAS | C20: TOTAL GRUPO A : | D20: 0.378
A21: B1 | B21: Repouso semanal remunerado | D21: 0.1755
A22: B2 | B22: Feriados | D22: 0.0403
A23: B3 | B23: Férias e 1/3 de férias | D23: 0.122
A24: B4 | B24: Auxílio Enfermidade | D24: 0.0093
A25: B5 | B25: Auxílio Acidente | D25: 0.0049
A26: B6 | B26: Licença Paternidade | D26: 0.0008
A27: B7 | B27: 13° Salário | D27: 0.0915
A28: B8 | B28: Faltas Justificadas | D28: 0.0073
C29: TOTAL GRUPO B : | D29: 0.4517
A30: C | B30: ENCARGOS INDENIZATÓRIOS
A31: C1 | B31: Aviso Prévio Indenizado | D31: 0.059
A32: C2 | B32: Aviso Prévio Trabalhado | D32: 0.0016
A33: C3 | B33: Férias Indenizadas | D33: 0.0065
A34: C4 | B34: Multa por Rescisão do Contrato de Trabalho sem Justa Causa | D34: 0.0352
A35: C5 | B35: Indenização Adicional | D35: 0.0069
B36: TOTAL GRUPO C : | D36: 0.1093
A37: D | B37: INCIDÊNCIAS CUMULATIVAS
A38: D1 | B38: Incidência do Grupo A sobre B | C38: 0.1707
A39: D2 | B39: Reincidência do Grupo A sobre Aviso Prévio Trabalhado + Reincidência do FGTS sobre Aviso Prévio Indenizado | C39: 0.0053 | D39: 0.0053
A40: TOTAL GRUPO D : 17,61%
A41: E PERCENTUAL TOTAL DE ENCARGOS SOCIAIS 111,50%

Sheet Planilha1
A1: PROGRAMA GOIÁS EM MOVIMENTO - EIXO MUNICÍPIOS 2024
A4: CRONOGRAMA FÍSICO FINANCEIRO CONSOLIDADO LOTE XX
A5: ITEM | B5: MUNICÍPIOS | C5: SERVIÇOS | D5: TOTAIS | E5: 1º mês | G5: 2º mês | I5: 3º mês | K5: 4º mês | M5: 5º mês | O5: 6º mês
E6: 15 dias | F6: 30 dias | G6: 45 dias | H6: 60 dias | I6: 75 dias | J6: 90 dias | K6: 105 dias | L6: 120 dias | M6: 135 dias | N6: 150 dias | O6: 165 dias | P6: 180 dias
A7: 1 | B7: =VLOOKUP(A7,'[1]ORÇAMENTO CONSOLIDADO'!$B$44:$D$55,2,FALSE) -> MUNICÍPIO 1 | D7: =IFERROR((D11/$D$41),"0,00%") -> 0,00% | E7: 0.25 | F7: 0.25 | G7: 0.3 | H7: 0.2 | I7: 0 | J7: 0 | K7: 0 | L7: 0 | M7: 0 | N7: 0 | O7: 0 | P7: 0 | Q7: =SUM(E7:P7) -> 1
C8: PAVIMENTAÇÃO
C9: SERVIÇOS COMPLEMENTARES
C10: MOBILIZAÇÃO E INST. CANTEIRO
D11: =VLOOKUP(A7,'[1]ORÇAMENTO CONSOLIDADO'!$B$44:$D$55,3,FALSE) -> 0 | E11: =$D11*E7 -> 0 | F11: =$D11*F7 -> 0 | G11: =$D11*G7 -> 0 | H11: =$D11*H7 -> 0 | I11: =$D11*I7 -> 0 | J11: =$D11*J7 -> 0 | K11: =$D11*K7 -> 0 | L11: =$D11*L7 -> 0 | ... P11: =$D11*P7 -> 0
A12: 2 | B12: =VLOOKUP(A12,'[1]ORÇAMENTO CONSOLIDADO'!$B$44:$D$55,2,FALSE) -> MUNICÍPIO 2 | D12: =IFERROR(D16/$D$41,"0,00%") -> 0,00% | E12: 0.25 | F12: 0.25 | G12: 0.3 | H12: 0.2 | I12: 0 | J12: 0 | K12: 0 | L12: 0 | M12: 0 | N12: 0 | O12: 0 | P12: 0 | Q12: =SUM(E12:P12) -> 1
C13: PAVIMENTAÇÃO
C14: SERVIÇOS COMPLEMENTARES
C15: MOBILIZAÇÃO E INST. CANTEIRO
D16: =VLOOKUP(A12,'[1]ORÇAMENTO CONSOLIDADO'!$B$44:$D$55,3,FALSE) -> 0 | E16: =$D16*E12 -> 0 | F16: =$D16*F12 -> 0 | G16: =$D16*G12 -> 0 | H16: =$D16*H12 -> 0 | I16: =$D16*I12 -> 0 | J16: =$D16*J12 -> 0 | K16: =$D16*K12 -> 0 | L16: =$D16*L12 -> 0 | ... P16: =$D16*P12 -> 0
A17: 3 | B17: =VLOOKUP(A17,'[1]ORÇAMENTO CONSOLIDADO'!$B$44:$D$55,2,FALSE) -> MUNICÍPIO 3 | D17: =IFERROR(D21/$D$41,"0,00%") -> 0,00% | E17: 0 | F17: 0 | G17: 0 | H17: 0 | I17: 0.25 | J17: 0.25 | K17: 0.3 | L17: 0.2 | M17: 0 | N17: 0 | O17: 0 | P17: 0 | Q17: =SUM(E17:P17) -> 1
C18: PAVIMENTAÇÃO
C19: SERVIÇOS COMPLEMENTARES
C20: MOBILIZAÇÃO E INST. CANTEIRO
D21: =VLOOKUP(A17,'[1]ORÇAMENTO CONSOLIDADO'!$B$44:$D$55,3,FALSE) -> 0 | E21: =$D21*E17 -> 0 | F21: =$D21*F17 -> 0 | G21: =$D21*G17 -> 0 | H21: =$D21*H17 -> 0 | I21: =$D21*I17 -> 0 | J21: =$D21*J17 -> 0 | K21: =$D21*K17 -> 0 | L21: =$D21*L17 -> 0 | ... P21: =$D21*P17 -> 0
A22: 4 | B22: =VLOOKUP(A22,'[1]ORÇAMENTO CONSOLIDADO'!$B$44:$D$55,2,FALSE) -> MUNICÍPIO 4 | D22: =IFERROR(D26/$D$41,"0,00%") -> 0,00% | E22: 0 | F22: 0 | G22: 0 | H22: 0 | I22: 0.25 | J22: 0.25 | K22: 0.3 | L22: 0.2 | M22: 0 | N22: 0 | O22: 0 | P22: 0 | Q22: =SUM(E22:P22) -> 1
C23: PAVIMENTAÇÃO
C24: SERVIÇOS COMPLEMENTARES
C25: MOBILIZAÇÃO E INST. CANTEIRO
D26: =VLOOKUP(A22,'[1]ORÇAMENTO CONSOLIDADO'!$B$44:$D$55,3,FALSE) -> 0 | E26: =$D26*E22 -> 0 | F26: =$D26*F22 -> 0 | G26: =$D26*G22 -> 0 | H26: =$D26*H22 -> 0 | I26: =$D26*I22 -> 0 | J26: =$D26*J22 -> 0 | K26: =$D26*K22 -> 0 | L26: =$D26*L22 -> 0 | ... P26: =$D26*P22 -> 0
A27: 5 | B27: =VLOOKUP(A27,'[1]ORÇAMENTO CONSOLIDADO'!$B$44:$D$55,2,FALSE) -> MUNICÍPIO 5 | D27: =IFERROR(D31/$D$41,"0,00%") -> 0,00% | E27: 0 | F27: 0 | G27: 0 | H27: 0 | I27: 0 | J27: 0 | K27: 0 | L27: 0 | M27: 0.25 | N27: 0.25 | O27: 0.3 | P27: 0.2 | Q27: =SUM(E27:P27) -> 1
C28: PAVIMENTAÇÃO
C29: SERVIÇOS COMPLEMENTARES
C30: MOBILIZAÇÃO E INST. CANTEIRO
D31: =VLOOKUP(A27,'[1]ORÇAMENTO CONSOLIDADO'!$B$44:$D$55,3,FALSE) -> 0 | E31: =$D31*E27 -> 0 | F31: =$D31*F27 -> 0 | G31: =$D31*G27 -> 0 | H31: =$D31*H27 -> 0 | I31: =$D31*I27 -> 0 | J31: =$D31*J27 -> 0 | K31: =$D31*K27 -> 0 | L31: =$D31*L27 -> 0 | ... P31: =$D31*P27 -> 0
A32: 6 | B32: =VLOOKUP(A32,'[1]ORÇAMENTO CONSOLIDADO'!$B$44:$D$55,2,FALSE) -> MUNICÍPIO 6 | D32: =IFERROR(D36/$D$41,"0,00%") -> 0,00% | E32: 0 | F32: 0 | G32: 0 | H32: 0 | I32: 0 | J32: 0 | K32: 0 | L32: 0 | M32: 0.25 | N32: 0.25 | O32: 0.3 | P32: 0.2 | Q32: =SUM(E32:P32) -> 1
C33: PAVIMENTAÇÃO
C34: SERVIÇOS COMPLEMENTARES
C35: MOBILIZAÇÃO E INST. CANTEIRO
D36: =VLOOKUP(A32,'[1]ORÇAMENTO CONSOLIDADO'!$B$44:$D$55,3,FALSE) -> 0 | E36: =$D36*E32 -> 0 | F36: =$D36*F32 -> 0 | G36: =$D36*G32 -> 0 | H36: =$D36*H32 -> 0 | I36: =$D36*I32 -> 0 | J36: =$D36*J32 -> 0 | K36: =$D36*K32 -> 0 | L36: =$D36*L32 -> 0 | ... P36: =$D36*P32 -> 0
A38: PERCENTUAL GLOBAL SIMPLES | E38: =IFERROR(E40/$D$41,"0,00%") -> 0,00% | F38: =IFERROR(F40/$D$41,"0,00%") -> 0,00% | G38: =IFERROR(G40/$D$41,"0,00%") -> 0,00% | H38: =IFERROR(H40/$D$41,"0,00%") -> 0,00% | I38: =IFERROR(I40/$D$41,"0,00%") -> 0,00% | J38: =IFERROR(J40/$D$41,"0,00%") -> 0,00% | K38: =IFERROR(K40/$D$41,"0,00%") -> 0,00% | L38: =IFERROR(L40/$D$41,"0,00%") -> 0,00% | ... P38: =IFERROR(P40/$D$41,"0,00%") -> 0,00%
A39: PERCENTUAL GLOBAL ACUM. | D39: =SUM(D7+D12+D17+D22+D27+D32) -> 0 | E39: =E38 -> 0,00% | F39: =E39+F38 -> 0 | G39: =F39+G38 -> 0 | H39: =G39+H38 -> 0 | I39: =H39+I38 -> 0 | J39: =I39+J38 -> 0 | K39: =J39+K38 -> 0 | L39: =K39+L38 -> 0 | M39: =L39+M38 -> 0 | ... P39: =O39+P38 -> 0
A40: VALOR SIMPLES | E40: =SUM(E11+E16+E21+E26+E31+E36) -> 0 | F40: =SUM(F11+F16+F21+F26+F31+F36) -> 0 | G40: =SUM(G11+G16+G21+G26+G31+G36) -> 0 | H40: =SUM(H11+H16+H21+H26+H31+H36) -> 0 | I40: =SUM(I11+I16+I21+I26+I31+I36) -> 0 | J40: =SUM(J11+J16+J21+J26+J31+J36) -> 0 | K40: =SUM(K11+K16+K21+K26+K31+K36) -> 0 | L40: =SUM(L11+L16+L21+L26+L31+L36) -> 0 | ... P40: =SUM(P11+P16+P21+P26+P31+P36) -> 0
A41: VALOR ACUMULADO | D41: =SUM(D11+D16+D21+D26+D31+D36) -> 0 | E41: =E40 -> 0 | F41: =E41+F40 -> 0 | G41: =F41+G40 -> 0 | H41: =G41+H40 -> 0 | I41: =H41+I40 -> 0 | J41: =I41+J40 -> 0 | K41: =J41+K40 -> 0 | L41: =K41+L40 -> 0 | M41: =L41+M40 -> 0 | ... P41: =O41+P40 -> 0 | Q41: =#REF!=D41 -> #REF!
